 Dungeon Crawl Stone Soup version 0.31.0-32-g396128a36d (webtiles) character file.

Game seed: 17317264948964449879

9522791 cdecastro the Conqueror (level 27, 273/273 HPs)
             Began as a Grey Draconian Shapeshifter on Mar 5, 2024.
             Was the Champion of Nemelex Xobeh.
             Escaped with the Orb
             ... and 15 runes on Mar 8, 2024!
             The game lasted 12:19:52 (181734 turns).

cdecastro the Conqueror (DrSh)                    Turns: 181734, Time: 12:19:52

Health: 273/273    AC: 40    Str: 28    XL:     27
Magic:  46/46      EV: 45    Int: 17    God:    Nemelex Xobeh [******]
Gold:   19728      SH: 46    Dex: 32    Spells: 46/64 levels left

rFire   + +          .
                       - Unarmed
rCold   + + .        X - +8 tower shield {AC+3}
rNeg    + + +        (body armour unavailable)
rPois   ∞            y - +2 hood of the Assassin {Detect Stab+ Stlth++}
rElec   .            f - +4 dragonskin cloak
rCorr   +            w - +4 pair of gloves of Xoanap {Rampage Str+3 Dex-2}
SInv    .            q - +2 pair of boots of Iboitsa {Dex+8}
Will    +++++        V - amulet of the Eight Beggars {Reflect rC+ rCorr Int+5 SH+5}
Stlth   ++++         M - ring "Qitotrof" {Wiz rF+ rN+ Will++}
HPRegen 0.65/turn    s - ring "Tuolur" {rCorr AC+4 Str+4 Dex+5}
MPRegen 0.30/turn

%: reflection, rampage, wizardry (x1)
@: death-form, studying 4 skills
A: vile attack, torment immunity, no potions, AC +18, amphibious, unfitting
armour, cold-blooded, large bone plates 1, fire resistance 1, strong 1
0: Orb of Zot
}: 15/15 runes: decaying, serpentine, slimy, silver, golden, iron, obsidian,
icy, bone, abyssal, demonic, glowing, magical, fiery, dark
a: Siphon Essence, Begin Untransformation, Renounce Religion, Draw Escape, Draw
Destruction, Draw Summoning, Draw Stack, Triple Draw, Deal Four, Stack Five


You escaped.
You worshipped Nemelex Xobeh.
Nemelex Xobeh was exalted by your worship.
You were an undying horror.
You visited 18 branches of the dungeon, and saw 87 of its levels.
You visited Pandemonium 4 times, and saw 53 of its levels.
You visited the Abyss 1 time.
You visited 1 bazaar.
You visited 2 ziggurats, and saw 22 of their levels (deepest: 13).
You also visited: Sewer, Ossuary, Bailey, Gauntlet and Ice Cave.

You collected 26667 gold pieces.
You spent 6939 gold pieces at shops.

Inventory:

Hand Weapons
 b - the +7 hand cannon "Mule" {flame, backblast, rF+}
   (You found it on level 5 of the Pits of Slime)

   rF+:       It protects you from fire.
 c - a +9 broad axe of flaming
 Z - a +9 broad axe of electrocution
Armour
 f - the +4 dragonskin cloak (worn)
   (You took it off Tiamat on level 1 of the Realm of Zot)

   Avatar's Aegis: It grants the wearer a chance to resist fire, cold, poison,
   electricity, acid, and negative energy.
 q - the +2 pair of boots of Iboitsa (worn) {Dex+8}
   (You found it on level 3 of the Elven Halls)

   Dex+8:     It affects your dexterity (+8).
 w - the +4 pair of gloves of Xoanap (worn) {Rampage Str+3 Dex-2}
   (You acquired it on level 15 of the Dungeon)

   Str+3:     It affects your strength (+3).
   Dex-2:     It affects your dexterity (-2).
   Rampage:   It bestows one free step when moving towards enemies.
 y - the +2 hood of the Assassin (worn) {Detect Stab+ Stlth++}
   (You found it on level 3 of the Elven Halls)

   Detect:    It allows the wearer to sense nearby creatures.
   Stab+:     It allows the wearer to make particularly effective stabbing
   attacks against helpless or unaware enemies with any weapon.
   Stlth++:   It makes you much more stealthy.
 z - the +2 tower shield of Qaryets {rElec rF+ Str-3}
   (You took it off a daeva in Pandemonium)

   Str-3:     It affects your strength (-3).
   rF+:       It protects you from fire.
   rElec:     It insulates you from electricity.
 X - a +8 tower shield of protection (worn)
Jewellery
 a - the ring of Shadows {Umbra +Inv Stlth+}
   (You found it on level 5 of a ziggurat)

   [ring of stealth]

   Umbra:     It surrounds you with an aura of shadow, increasing your stealth
   and reducing the accuracy of all others within it.
   +Inv:      It lets you turn invisible.
   Stlth+:    It makes you more stealthy.
 k - a ring of see invisible
 o - the ring "Lur Ojed" {rElec rN+ Int+3 Stlth+}
   (You found it on level 3 of the Tomb of the Ancients)

   [ring of positive energy]

   Int+3:     It affects your intelligence (+3).
   rElec:     It insulates you from electricity.
   rN+:       It protects you from negative energy.
   Stlth+:    It makes you more stealthy.
 s - the ring "Tuolur" (right hand) {rCorr AC+4 Str+4 Dex+5}
   (You bought it in a shop on level 1 of the Snake Pit)

   [ring of protection]

   AC+4:      It affects your AC (+4).
   Str+4:     It affects your strength (+4).
   Dex+5:     It affects your dexterity (+5).
   rCorr:     It protects you from acid and corrosion.
 D - the ring "Neezuogg" {Wiz Dex+3}
   (You acquired it in Pandemonium)

   [ring of wizardry]

   Wiz:       It improves your spell success rate.
   Dex+3:     It affects your dexterity (+3).
 M - the ring "Qitotrof" (left hand) {Wiz rF+ rN+ Will++}
   (You found it in Pandemonium)

   [ring of wizardry]

   Wiz:       It improves your spell success rate.
   rF+:       It protects you from fire.
   rN+:       It protects you from negative energy.
   Will++:    It greatly increases your willpower.
 V - the amulet of the Eight Beggars (around neck) {Reflect rC+ rCorr Int+5 SH+5}
   (You took it off a white draconian in an ice cave)

   [amulet of reflection]

   Reflect:   It reflects blocked missile attacks.
   Int+5:     It affects your intelligence (+5).
   rC+:       It protects you from cold.
   rCorr:     It protects you from acid and corrosion.
   SH+5:      It affects your SH (+5).
Talismans
 m - a talisman of death (active)
 u - a storm talisman
 E - a granite talisman
Wands
 v - a wand of flame (236)
 F - a wand of digging (22)
 G - a wand of polymorph (45)
 L - a wand of quicksilver (99)
 O - a wand of mindburst (142)
 S - a wand of roots (140)
 Y - a wand of charming (165)
Scrolls
 g - 2 scrolls of summoning
 i - 11 scrolls of silence
 l - 18 scrolls of immolation
 n - 9 scrolls of blinking
 r - 24 scrolls of vulnerability
 t - 31 scrolls of teleportation
 J - 31 scrolls of fog
 U - 12 scrolls of revelation
 W - 5 scrolls of torment
Potions
 e - 13 potions of cancellation
 h - 20 potions of enlightenment
 j - 9 potions of invisibility
 p - 21 potions of heal wounds
 x - 10 potions of resistance
 B - 19 potions of brilliance
 C - 16 potions of haste
 N - 11 potions of attraction
 P - 12 potions of magic
 R - 17 potions of mutation
 T - 16 potions of might
Miscellaneous
 d - a condenser vane
 A - the horn of Geryon (inert)
 H - a lightning rod (4/4)
 I - a phial of floods
 K - a phantom mirror
 Q - a sack of spiders


   Skills:
 O Level 27 Fighting
 - Level 18.0 Axes
 O Level 27 Dodging
 O Level 27 Stealth
 + Level 25.4 Shields
 O Level 27 Unarmed Combat
 * Level 19.2 Spellcasting
 O Level 27 Earth Magic
 O Level 27 Invocations
 O Level 27 Evocations
 - Level 23.3 Shapeshifting


You had 46 spell levels left.
You knew the following spells:

 Your Spells              Type           Power      Damage    Failure   Level
a - Shatter               Erth           41%        3d32*     2%          9
b - Lee's Rapid Deconstr  Erth           41%        3d20*     0%          5
c - Petrify               Alch/Erth      58%        N/A       1%          4

Your spell library contained the following spells:

 Spells                   Type           Power      Damage    Failure   Level
 Sandblast                Erth           100%       2d20      0%          1
 Passwall                 Erth           83%        N/A       0%          3
 Apportation              Tloc           32%        N/A       1%          1
 Foxfire                  Conj/Fire      64%        2x1d7     1%          1
 Freeze                   Ice            64%        1d7       1%          1
 Kiss of Death            Conj/Necr      64%        2d10      1%          1
 Magic Dart               Conj           64%        1d6       1%          1
 Necrotise                Necr           64%        1d7       1%          1
 Slow                     Hex            64%        N/A       1%          1
 Sting                    Conj/Alch      64%        1d7       1%          1
 Summon Small Mammal      Summ           64%        N/A       1%          1
 Stone Arrow              Conj/Erth      100%       3d13      1%          3
 Brom's Barrelling Bould  Conj/Erth      58%        2d7       1%          4
 Leda's Liquefaction      Alch/Erth      29%        N/A       1%          4
 Borgnjor's Vile Clutch   Necr/Erth      29%        N/A       1%          5
 Bombard                  Conj/Erth      29%        9d5       1%          6
 Blink                    Tloc           32%        N/A       2%          2
 Call Imp                 Summ           32%        N/A       2%          2
 Cigotuvi's Dreadful Rot  Necr/Alch/Air  32%        N/A       2%          2
 Ensorcelled Hibernation  Hex/Ice        32%        N/A       2%          2
 Jinxbite                 Hex            32%        N/A       2%          2
 Lesser Beckoning         Tloc           32%        N/A       2%          2
 Mercury Vapours          Alch/Air       32%        N/A       2%          2
 Momentum Strike          Conj/Tloc      32%        3d8       2%          2
 Searing Ray              Conj           32%        2d5       2%          2
 Static Discharge         Conj/Air       32%        3-5/arc   2%          2
 Sublimation of Blood     Necr           16%        N/A       2%          2
 Call Canine Familiar     Summ           16%        N/A       4%          3
 Confusing Touch          Hex            16%        N/A       4%          3
 Dazzling Flash           Conj/Hex       32%        N/A       4%          3
 Frozen Ramparts          Ice            32%        1d5       4%          3
 Fugue of the Fallen      Necr           16%        N/A       4%          3
 Gell's Gravitas          Tloc           16%        N/A       4%          3
 Hailstorm                Conj/Ice       16%        3d6       4%          3
 Inner Flame              Hex/Fire       16%        N/A       4%          3
 Mephitic Cloud           Conj/Alch/Air  16%        N/A       4%          3
 Ozocubu's Armour         Ice            16%        N/A       4%          3
 Sigil of Binding         Hex            16%        N/A       4%          3
 Summon Ice Beast         Ice/Summ       16%        N/A       4%          3
 Swiftness                Air            16%        N/A       4%          3
 Teleport Other           Tloc           16%        N/A       4%          3
 Tukima's Dance           Hex            16%        N/A       4%          3
 Vampiric Draining        Necr           16%        2d7       4%          3
 Volatile Blastmotes      Fire/Tloc      32%        2d12      4%          3
 Anguish                  Hex/Necr       8%         N/A       16%         4
 Animate Dead             Necr           16%        N/A       16%         4
 Cause Fear               Hex            8%         N/A       16%         4
 Dimensional Bullseye     Hex/Tloc       8%         N/A       16%         4
 Dispel Undead            Necr           16%        3d10      16%         4
 Flame Wave               Conj/Fire      16%        2d7       16%         4
 Fulminant Prism          Conj/Alch      8%         3d6       16%         4
 Ignite Poison            Fire/Alch      16%        N/A       16%         4
 Iskenderun's Mystic Bla  Conj/Tloc      16%        2d5       16%         4
 Manifold Assault         Tloc           16%        N/A       16%         4
 Martyr's Knell           Necr/Summ      16%        N/A       16%         4
 Olgreb's Toxic Radiance  Alch           16%        N/A       16%         4
 Passage of Golubria      Tloc           16%        N/A       16%         4
 Sticky Flame             Fire/Alch      16%        2d5       16%         4
 Summon Blazeheart Golem  Fire/Summ      16%        N/A       16%         4
 Summon Lightning Spire   Summ/Air       16%        N/A       16%         4
 Vhi's Electric Charge    Tloc/Air       32%        N/A       16%         4
 Lehudib's Crystal Spear  Conj/Erth      29%        10d8      34%         8
 Alistair's Intoxication  Alch           10%        N/A       38%         5
 Arcjolt                  Conj/Air       8%         1d18      38%         5
 Curse of Agony           Necr           16%        N/A       38%         5
 Fireball                 Conj/Fire      8%         3d6       38%         5
 Freezing Cloud           Conj/Ice/Air   8%         6-21      38%         5
 Irradiate                Conj/Alch      8%         3d14      38%         5
 Iskenderun's Battlesphe  Conj           16%        2d7       38%         5
 Metabolic Englaciation   Hex/Ice        8%         N/A       38%         5
 Silence                  Hex/Air        8%         N/A       38%         5
 Summon Forest            Summ/Tloc      8%         N/A       38%         5
 Summon Mana Viper        Hex/Summ       16%        N/A       38%         5
 Yara's Violent Unravell  Hex/Alch       8%         3d5       38%         5
 Conjure Ball Lightning   Conj/Air       8%         3x3d6     89%         6
 Death Channel            Necr           8%         N/A       89%         6
 Dispersal                Tloc           8%         N/A       89%         6
 Eringya's Noxious Bog    Alch           8%         4d6       89%         6
 Sculpt Simulacrum        Ice/Alch       8%         N/A       89%         6
 Starburst                Conj/Fire      8%         6d4       89%         6
 Summon Cactus Giant      Summ           8%         N/A       89%         6
 Enfeeble                 Hex            8%         N/A       100%        7
 Haunt                    Necr/Summ      8%         N/A       100%        7
 Malign Gateway           Summ/Tloc      8%         N/A       100%        7
 Monstrous Menagerie      Summ           8%         N/A       100%        7
 Orb of Destruction       Conj           8%         9d6       100%        7
 Ozocubu's Refrigeration  Ice            8%         4d9       100%        7
 Spellforged Servitor     Conj/Summ      8%         N/A       100%        7
 Summon Hydra             Summ           8%         N/A       100%        7
 Borgnjor's Revivificati  Necr           8%         N/A       100%        8
 Discord                  Hex            8%         N/A       100%        8
 Disjunction              Tloc           8%         N/A       100%        8
 Ignition                 Fire           8%         3d5       100%        8
 Infestation              Necr           8%         N/A       100%        8
 Maxwell's Capacitive Co  Air            8%         ∞         100%        8
 Summon Horrible Things   Summ           8%         N/A       100%        8
 Chain Lightning          Conj/Air       8%         3d10      100%        9
 Death's Door             Necr           8%         N/A       100%        9
 Dragon's Call            Summ           8%         N/A       100%        9
 Fire Storm               Conj/Fire      8%         8d2       100%        9
 Polar Vortex             Ice            8%         12d1*     100%        9
 Animate Armour           Summ/Erth      Unusable   N/A       N/A         4

Dungeon Overview and Level Annotations

Branches:
Dungeon (15/15)            Temple (1/1) D:5            Lair (5/5) D:8
  Swamp (4/4) Lair:3        Snake (4/4) Lair:3        Slime (5/5) Lair:5
    Orc (2/2) D:12            Elf (3/3) Orc:2        Vaults (5/5) D:14
  Crypt (3/3) Vaults:3       Tomb (3/3) Crypt:3      Depths (4/4) D:15
   Hell (visited)             Dis (7/7) Hell            Geh (7/7) Hell
    Coc (7/7) Hell            Tar (7/7) Hell            Zot (5/5) Depths:4
  Sewer (visited)         Ossuary (visited)          Bailey (visited)
  IceCv (visited)         Gauntlet (visited)

Altars:
Ashenzari
Cheibriados
Dithmenos
Elyvilon
Fedhas
Gozag
Hepliaklqana
Kikubaaqudgha
Makhleb
Nemelex Xobeh
Okawaru
Qazlal
Ru
Sif Muna
Trog
Uskayaw
Vehumet
Wu Jian
Xom
Yredelemnul
Zin
The Shining One
Jiyva

Shops:
D:3 (   D:12 =   Orc:1 *   Orc:2 (!((   Elf:1 (   Elf:2 [   Elf:3 *
Snake:1 ::=   Snake:2 :[(   Snake:3 [[   Snake:4 [   Vaults:1 [   Vaults:4 [
Depths:4 *

Portals:
Hell: Depths:1 Depths:2 Depths:3 Depths:4
Abyss: Depths:1 Depths:3
Pandemonium: Depths:1 Depths:2 Depths:3

Annotations:
Tar:4 1 runed translucent door
Abyss:1 Lom Lobon


Innate Abilities, Weirdness & Mutations

You are an undying horror.
Your melee and unarmed attacks drain, slow and weaken victims.
You are immune to unholy pain and torment.
You cannot drink.
You are immune to poison.
Your dull iron-grey scales are very hard. (AC +18)
You are amphibious.
You cannot fit into any form of body armour.
You are cold-blooded and may be slowed by cold attacks.
You are partially covered in large bone plates. (SH +4)
Your flesh is heat resistant. (rF+)
Your muscles are strong. (Str +4, Int/Dex -1)


Message History

Your hell beast bites the large abomination!
Your hell beast tramples the large abomination.
The large abomination stumbles backwards!
Your hell beast bites the large abomination!!
The large abomination is destroyed!
There is a stone staircase leading up here.
You hear a roar.
You climb upwards.
Your summoned ally is left behind.
There is a stone staircase leading down here.
There is a stone staircase leading up here.
You climb upwards.
There is a stone staircase leading down here.
There is an open door here.
There is a stone staircase leading up here.
You climb upwards.
There is a stone staircase leading down here.
There is a stone staircase leading up here.
You climb upwards.
There is a stone staircase leading down here.
An Orb Guardian comes into view.
There is a stone staircase leading up here.
You pound the Orb Guardian into fine dust!!!
The Orb Guardian decays.
You drain the Orb Guardian!
Your tail-slap misses the Orb Guardian.
The Orb Guardian is almost dead.
You punch the Orb Guardian!
You kill the Orb Guardian!
You climb upwards.
A shadow demon comes into view.
There is a stone staircase leading down here.
There is an escape hatch in the ceiling here.
A mysterious force pulls you upwards. The hatch slams shut behind you.
Aiming: Dig
Press: ? - help, Shift-Dir - straight line A rock wall.
This square is covered in magical glow.
The rock shatters into small pieces.
Unknown command.
There is a staircase leading out of the dungeon here.
You have escaped!

....# ##########.........## ....#
##♣.♣...P.P#.#####....# ..#.####
#..P.♣...♣.♣...........
..#....###♣..♣.........########..
..#.##..................# ###
(...#####..♣P..P.P..P..P# # #.###
#....P.....P..P♣# # #.#
#P..............# #.#
#..2P...z...P...##### #.#
#..P............#...# #.#
####..♣.P.....P.♣♣♣#.#.# ..#
##......P..P.P........#.#
#####..##....♣.....♣....#.#.# #
#..####...♣..♣.PP♣..##.#.# #
###.## ##.....P.PP.♣......# #
#...#######.♣.♣.....#.##.### #
##...+..................#.# #


You could see a green death.

Vanquished Creatures
  Cerebov (Pan)
  Antaeus (Coc:7)
  Asmodeus (Geh:7)
  Mnoleg (Pan)
  Ereshkigal (Tar:7)
  Gloorx Vloq (Pan)
  A seraph (Pan)
  the Serpent of Hell (Geh:7)
  6 dread liches
  4 orbs of fire
  Dispater (Dis:7)
  8 ancient liches
  Mennas (Pan)
  3 juggernauts
  28 royal mummies
  17 Killer Klowns
  21 shard shrikes
  4 curse toes
  46 pandemonium lords
  28 caustic shrikes
  11 golden dragons
  Nikola (Elf:2)
  Geryon (Hell)
  27 bone dragons
  2 profane servitors
  the Enchantress (Depths:4)
  2 pearl dragons (Pan)
  12 doom hounds
  8 electric golems
  43 Tzitzimimeh
  A spectral shard shrike (Tar:2)
  29 iron giants
  43 Brimstone Fiends
  15 hellephants
  Mlioglotl (Swamp:3)
  39 Ice Fiends
  The ghost of spaghetti the Warrior, an adept DsHs of Qazlal (Vaults:3)
  56 Hell Sentinels
  18 tentacled monstrosities
  28 Orb Guardians
  10 liches
  14 tainted leviathans
  20 titans
  22 quicksilver dragons
  A walking divine tome (Depths:2)
  3 deep elf blademasters (Elf:2)
  3 deep elf master archers
  Grunn (Crypt:2)
  15 sphinxes
  17 searing wretches
  14 acid blobs
  Frances (Swamp:2)
  36 ancient champions
  4 walking frostbound tomes
  19 tentacled starspawn
  8 death cobs
  66 Executioners
  A thorn hunter (Swamp:4)
  5 tengu reavers
  6 shadow dragons
  Roxanne (Elf:3)
  A fenstrider witch (Pan)
  12 storm dragons
  6 nagarajas
  6 revenants
  Donald (Swamp:2)
  13 protean progenitors
  9 narguns
  7 draconian monks
  24 daevas
  6 deep elf sorcerers
  8 rockslimes
  12 azure jellies
  9 frost giants
  39 demonspawn warmongers
  15 fire giants
  14 iron dragons
  12 quicksilver elementals
  11 ghost moths
  96 balrugs
  22 vault wardens
  5 draconian shifters
  2 spectral juggernauts
  8 curse skulls
  8 shard shrike simulacra
  11 draconian knights
  7 draconian stormcallers
  11 ghouls
  5 draconian scorchers
  4 deep elf elementalists
  2 spectral caustic shrikes
  17 ironbound preservers
  2 orc warlords
  40 demonspawn corrupters
  10 draconian annihilators
  15 quicksilver oozes
  3 caustic shrike zombies (Zot:1)
  2 caustic shrike skeletons (Pan)
  59 cacodemons
  44 demonspawn blood saints
  30 angels (Pan)
  28 very ugly things
  16 stone giants
  3 spriggan defenders (Depths:4)
  16 ophanim (Pan)
  5 juggernaut skeletons
  10 formless jellyfish
  A starflower (Abyss:3)
  95 reapers
  16 green draconians
  31 apis (Pan)
  6 deep elf demonologists
  23 elemental wellsprings
  8 ironbound thunderhulks
  8 deep elf death magi
  A stone giant (shapeshifter) (Zig:13)
  10 vampire knights
  7 eleionomae
  38 demonspawn black suns (Pan)
  12 dire elephants
  56 starcursed masses
  15 wendigos
  10 bennus
  67 lorocyprocas
  9 red draconians
  12 black draconians
  A halazid warlock (Zot:1)
  8 putrid mouths
  23 war gargoyles
  8 yellow draconians
  2 bunyips
  19 white draconians
  A shapeshifter (Zig:3)
  10 deep elf annihilators
  18 ettins
  12 spark wasps
  28 purple draconians
  19 eidola
  22 iron golems
  54 green deaths (Pan)
  3 jiangshi (Crypt:2)
  12 fire dragons
  The ghost of monsoonserge the Martial Artist, a journeyman GnSh of Gozag (Lair:1)
  Snorg (Lair:3)
  A spectral quicksilver dragon (Tar:2)
  4 crystal guardians
  78 blizzard demons
  An entropy weaver (Vaults:1)
  A merfolk javelineer (Zig:4)
  26 mummy priests
  3 deep elf high priests
  A shambling mangrove (Swamp:2)
  2 peacekeepers (Vaults:2)
  2 spriggan zombies
  8 yaktaur captains
  17 hell beasts (Pan)
  12 rakshasas
  A jorogumo (Pan)
  2 spriggan air magi (Depths:4)
  34 vault guards
  8 ice dragons
  6 juggernaut simulacra
  14 caustic shrike simulacra
  16 great orbs of eyes
  15 salamander tyrants
  A spectral tengu (Tar:2)
  11 alligators
  3 catoblepae
  9 stokers
  19 hydras
  3 ghost crabs
  10 boulder beetles
  3 ironbound frosthearts
  A radroach (Zig:13)
  31 dancing weapons
  6 anacondas
  2 spectral stone giants (Tar:3)
  4 deep troll shamans
  3 satyrs
  2 merfolk aquamancers (Pan)
  5 ogre magi
  27 two-headed ogres
  A fenstrider witch skeleton (Abyss:3)
  51 hell hogs
  7 vampire magi
  7 death knights
  51 death scarabs
  12 naga warriors
  A tengu warrior (D:14)
  11 death yaks
  3 occultists
  57 demonic crawlers
  12 naga sharpshooters
  7 shock serpents
  2 spriggan berserkers
  4 deep troll earth magi
  20 thrashing horrors
  19 spriggans
  2 orc high priests (D:15)
  125 soul eaters
  288 sun demons
  3 hellephant skeletons (Pan)
  A spectral dire elephant (Tar:2)
  4 skysharks
  A titan skeleton (Tomb:3)
  6 holy swine (Pan)
  8 crystal echidnas
  3 fire crabs (Zot:1)
  17 shadow wraiths
  8 wretched stars
  10 deep elf knights
  17 hell knights
  A spatial maelstrom (Zig:5)
  30 skeletal warriors
  15 iron trolls
  8 salamander mystics
  81 sixfirhies
  2 goliath frogs (Swamp:3)
  2 anaconda zombies (Hell)
  19 cherubim (Pan)
  2 swamp dragons (shapeshifter)
  A storm dragon skeleton (Crypt:3)
  7 flayed ghosts
  2 spectral anacondas
  8 arcanists
  37 deep trolls
  15 mana vipers
  A sea snake (Depths:2)
  10 quicksilver dragon simulacra
  3 sea snakes (shapeshifter)
  9 deep elf archers
  62 shadow demons
  8 spriggan druids
  An obsidian statue (Gauntlet)
  A spectral hydra (Tar:4)
  7 naga ritualists
  8 lindwurms
  An orange crystal statue (IceCv)
  The ghost of seawaffle the Chopper, a novice GrFi (D:6)
  9 glowing orange brains
  2 bunyip skeletons
  2 harpies (shapeshifter)
  10 orc knights
  8 bog bodies
  7 spriggan simulacra
  12 sun moths (Pan)
  A wolf spider zombie (Crypt:3)
  19 phantasmal warriors
  11 swamp dragons
  28 deep elf zephyrmancers
  A harpy (Zig:4)
  21 ironbound convokers
  24 deep elf pyromancers
  An alligator zombie (Hell)
  3 orc sorcerers
  2 anaconda skeletons (Hell)
  4 shining eyes (shapeshifter)
  The ghost of Consumeair16 the Shield-Bearer, a novice GnFi of Hepliaklqana (D:6)
  44 ugly things
  8 necromancers
  4 cyclopes
  4 oklob plants (Lair:5)
  9 shining eyes
  5 manticores
  4 worldbinders
  9 will-o-the-wisps
  157 large abominations
  A wolf spider (Snake:4)
  An iron dragon skeleton (Hell)
  27 salamanders
  27 moths of wrath
  32 black mambas
  23 elephants
  A faun (shapeshifter) (Zot:1)
  15 rust devils
  20 vault sentinels
  2 eyes of devastation (shapeshifter)
  7 ice statues
  3 dire elephant zombies
  8 guardian serpents
  4 Executioner simulacra (Pan)
  An eleionoma skeleton (Crypt:3)
  A shock serpent zombie (Crypt:1)
  A water nymph (shapeshifter) (Depths:2)
  2 water nymphs (Zig:4)
  6 apocalypse crabs
  5 eyes of devastation
  2 spectral centaurs (Tar:2)
  An alligator snapping turtle zombie (Tomb:1)
  3 kobold blastminers
  18 naga magi
  9 titan simulacra
  7 molten gargoyles (Geh:7)
  177 smoke demons
  68 orange demons
  5 storm dragon simulacra (IceCv)
  An unseen horror (Abyss:3)
  3 gargoyles
  11 cane toads
  25 yaktaurs
  63 hellions
  An iron troll zombie (Crypt:3)
  A mana viper zombie (Crypt:2)
  10 freezing wraiths
  An unseen horror (shapeshifter) (D:15)
  A swamp worm zombie (Crypt:1)
  2 kobold demonologists
  4 komodo dragons
  A komodo dragon (shapeshifter) (D:14)
  9 anaconda simulacra
  5 rime drakes
  14 efreet
  A yaktaur (shapeshifter) (D:15)
  21 ice devils (Pan)
  3 spectral nagas
  5 tengu conjurers
  5 golden dragon simulacra (IceCv)
  27 red devils (Pan)
  53 tormentors
  7 spectral harpies
  52 guardian mummies
  2 silent spectres
  6 ancient zymes
  3 iron giant simulacra
  2 queen bees
  10 trolls
  4 polar bears
  A shadow dragon simulacrum (Coc:1)
  8 tyrant leeches
  A bloated husk (Swamp:1)
  A merfolk (Zig:4)
  2 merfolk (shapeshifter)
  A sea snake skeleton (Hell)
  49 hellwings
  A tarantella (Vaults:1)
  13 hornets
  2 harpy skeletons
  2 hydra skeletons (Hell)
  An alligator simulacrum (Coc:1)
  An iron dragon simulacrum (Coc:1)
  2 glass eyes
  11 blink frogs
  A culicivora zombie (Crypt:3)
  A snapping turtle (shapeshifter) (Zig:13)
  A dream sheep (Lair:5)
  A dream sheep (shapeshifter) (Vaults:5)
  27 raiju
  109 slime creatures
  3 shadows
  2 stone giant simulacra (Coc:6)
  An ettin skeleton (Tomb:1)
  An ice dragon skeleton (Hell)
  2 air elementals
  A jumping spider (shapeshifter) (D:10)
  A water elemental (Zig:7)
  A fire dragon skeleton (Crypt:1)
  10 wraiths
  A centaur simulacrum (Tomb:3)
  179 ynoxinuls
  A wyvern (shapeshifter) (D:14)
  3 naga simulacra
  45 yaks
  A wind drake zombie (Crypt:1)
  A satyr skeleton (Crypt:3)
  5 dire elephant simulacra
  A tyrant leech zombie (Crypt:1)
  3 wyverns
  12 ushabtiu
  4 fire bats (Abyss:3)
  A warg (shapeshifter) (Vaults:5)
  2 wargs
  5 fire elementals
  16 golden eyes
  A redback (Vaults:1)
  5 basilisks
  A catoblepas simulacrum (Crypt:1)
  An alligator snapping turtle simulacrum (Coc:3)
  72 neqoxecs
  Menkaure (D:6)
  126 chaos spawn
  3 steam dragons
  11 vampire mosquitoes
  46 nagas
  14 swamp worms
  11 spatial vortices (Abyss:1)
  A swamp worm (shapeshifter) (Vaults:5)
  5 hell hounds
  16 harpy simulacra
  A skyshark zombie (Crypt:1)
  6 hydra simulacra
  A glowing shapeshifter skeleton (Crypt:3)
  9 water moccasins
  Duvessa (D:7)
  44 laughing skulls
  7 swamp drakes
  A sky beast (D:7)
  6 black bears
  3 ettin simulacra
  7 ice dragon simulacra (IceCv)
  35 orc warriors
  15 small abominations
  A crocodile (Sewer)
  31 ogres
  A blink frog zombie (Crypt:3)
  4 boggarts (Lair:5)
  29 wolves
  4 centaurs
  A phantom (D:4)
  A rime drake zombie (Crypt:2)
  A swamp dragon skeleton (Crypt:1)
  2 kobold brigands
  4 elf zombies (Elf:1)
  A salamander zombie (Crypt:2)
  A brain worm (Abyss:1)
  2 weeping skulls (Abyss:1)
  An earth elemental (Zig:7)
  18 bullfrogs
  3 necrophages
  A yaktaur skeleton (Crypt:1)
  9 scorpions
  A hornet simulacrum (D:14)
  7 wights
  A wyvern skeleton (Crypt:2)
  Dowan (D:7)
  4 lindwurm simulacra (IceCv)
  27 killer bees
  A polar bear skeleton (Crypt:2)
  2 electric eels
  4 howler monkeys
  3 centaur zombies
  2 lava snakes (Lair:3)
  A wolf skeleton (Crypt:3)
  3 human zombies (Ossuary)
  3 quasits
  5 hounds
  13 jellies
  Crazy Yiuf (D:2)
  A bombardier beetle (D:6)
  A bullfrog skeleton (Crypt:1)
  20 orc priests
  3 iron imps
  An iguana (D:4)
  20 orc wizards
  4 scorpion zombies (Ossuary)
  A crocodile zombie (Crypt:2)
  An ogre zombie (Crypt:1)
  37 mummies
  3 gnolls (Bailey)
  9 adders
  4 white imps
  A howler monkey simulacrum (D:10)
  10 ufetubi
  An adder zombie (Ossuary)
  An adder skeleton (Crypt:2)
  2 dart slugs
  2 ribbon worms (D:4)
  81 orcs
  9 ball pythons
  5 endoplasms
  8 giant cockroaches
  A gnoll zombie (Ossuary)
  23 goblins
  12 hobgoblins
  11 jackals
  15 kobolds
  4 quokkas
  2 ball python zombies (Ossuary)
  6 bats
  3 frilled lizards
  A hobgoblin zombie (Crypt:2)
  2 jackal zombies (Ossuary)
  An orc zombie (Ossuary)
  9 rats
  A rat zombie (Crypt:2)
  9 aspiring fleshes
  4 butterflies (Zot:1)
  3 creeping infernos
  8 fire vortices
  A lurking horror (Abyss:1)
  4 starspawn tentacles
6393 creatures vanquished.

Vanquished Creatures (collateral kills)
  the Royal Jelly (Slime:5)
  Tiamat (Zot:1)
  A dread lich (Crypt:3)
  Vashnia (Snake:4)
  Saint Roka (D:15)
  the Lernaean hydra (Swamp:4)
  A caustic shrike (Dis:5)
  An acid blob (Slime:5)
  A rockslime (Slime:5)
  A frost giant (Depths:2)
  An azure jelly (Slime:5)
  3 quicksilver elementals (Dis:5)
  An orc warlord (Bailey)
  A quicksilver ooze (Slime:5)
  A reaper (Pan)
  A minotaur (Gauntlet)
  A black draconian (Zot:1)
  A spark wasp (Depths:2)
  A war gargoyle (Dis:5)
  A blizzard demon (Pan)
  A green death (Hell)
  The ghost of jimmypageman the Severer, a journeyman MiFi of Okawaru (D:11)
  3 centaur warriors (D:14)
  A tengu warrior (D:14)
  A demonic crawler (Pan)
  3 hell knights
  A soul eater (Pan)
  2 skeletal warriors
  A swamp dragon (Swamp:4)
  3 large abominations
  An arcanist (D:14)
  A deep elf pyromancer (Elf:2)
  2 necromancers (Depths:2)
  2 ugly things
  2 orc knights (Bailey)
  A meliai (D:14)
  2 slime creatures (D:15)
  An orange demon (Pan)
  A wind drake (shapeshifter) (D:11)
  A raiju (shapeshifter) (D:11)
  2 neqoxecs
  2 chaos spawn (Pan)
  2 nagas (Snake:4)
  A swamp drake (Swamp:4)
  A howler monkey (D:14)
  An ufetubus (D:7)
62 creatures vanquished.

Vanquished Creatures (others)
  A golden dragon (Zot:4)
  A pandemonium lord (Pan)
  A titan (Pan)
  An eldritch tentacle (Pan)
  An azure jelly (Zig:12)
  A frost giant (Coc:3)
  2 balrugs (Pan)
  A reaper (Pan)
  A demonspawn blood saint (Pan)
  A lorocyproca (Pan)
  A red draconian (Zot:1)
  A blizzard demon (Pan)
  2 caustic shrike simulacra (Coc:7)
  A naga warrior (Zig:8)
  A hell hog (Pan)
  A soul eater (Pan)
  A quicksilver dragon simulacrum (Coc:7)
  2 deep trolls (Depths:4)
  A shadow demon (Pan)
  A spriggan simulacrum (Coc:7)
  A lindwurm (Swamp:4)
  A fenstrider witch simulacrum (Coc:1)
  A smoke demon (Pan)
  3 titan simulacra (Coc:4)
  A molten gargoyle (Geh:7)
  An orange demon (Pan)
  A hellion (Pan)
  A large abomination (Pan)
  An iron giant simulacrum (Coc:7)
  A hornet (Swamp:2)
  A stone giant simulacrum (Coc:4)
  3 ynoxinuls (Pan)
  A spriggan (Swamp:2)
  2 neqoxecs (Pan)
  2 chaos spawn (Pan)
  4 harpy simulacra
  A small abomination (Abyss:3)
  An orc wizard (Orc:1)
  An orc (Vaults:5)
  3 ball lightnings (Pan)
  A creeping inferno (Geh:2)
  A fire vortex (Geh:6)
  11 foxfires
  A lurking horror (Abyss:3)
  29 starspawn tentacles
97 creatures vanquished.

Grand Total: 6552 creatures vanquished

Notes
Turn   | Place    | Note
-------+----------+-------------------------------------------
     0 | D:1      | cdecastro the Draconian Shapeshifter began the quest for
                  | the Orb.
     0 | D:1      | Reached XP level 1. HP: 16/16 MP: 1/1
   331 | D:1      | Reached XP level 2. HP: 23/23 MP: 2/2
   870 | D:2      | Found a sparkling altar of Nemelex Xobeh.
   908 | D:2      | Became a worshipper of Nemelex Xobeh the Trickster
   917 | D:2      | Reached XP level 3. HP: 29/29 MP: 3/3
  1092 | D:2      | You fall into a shaft and drop 1 floor!
  1256 | D:3      | Reached XP level 4. HP: 37/37 MP: 4/4
  1305 | D:3      | Found Ziapne's Weapon Shoppe.
  1715 | D:2      | Found a runed translucent door.
  1716 | D:2      | Noticed Crazy Yiuf
  1759 | D:2      | Reached * piety under Nemelex Xobeh
  1925 | D:2      | Received a gift from Nemelex Xobeh
  2472 | D:4      | Found a shimmering altar of Xom.
  2524 | D:4      | Noticed a phantom
  2564 | D:4      | Reached XP level 5. HP: 40/45 MP: 5/5
  2618 | D:4      | Killed a phantom
  2619 | D:4      | Reached skill level 5 in Shapeshifting
  2706 | D:4      | Found a glowing drain.
  2723 | D:4      | Reached XP level 6. HP: 51/52 MP: 6/6
  2759 | Sewer    | Entered a sewer
  3340 | D:5      | Entered Level 5 of the Dungeon
  3404 | D:5      | Your scales start taking on a dull iron-grey colour.
  3404 | D:5      | Reached XP level 7. HP: 46/60 MP: 7/7
  3496 | D:5      | Reached ** piety under Nemelex Xobeh
  3530 | D:5      | Received a gift from Nemelex Xobeh
  3696 | D:5      | Found an opulent altar of Gozag.
  3886 | D:5      | Found a staircase to the Ecumenical Temple.
  3899 | Temple   | Entered the Ecumenical Temple
  4084 | D:5      | Found a blossoming altar of Fedhas.
  4270 | D:6      | Found a runed translucent gate.
  4270 | D:6      | Found a runed translucent gate.
  4270 | D:6      | Found a runed translucent gate.
  4273 | D:6      | Noticed seawaffle's ghost (novice GrFi)
  4273 | D:6      | Noticed Consumeair16's ghost (novice GnFi)
  4364 | D:6      | Reached *** piety under Nemelex Xobeh
  4382 | D:6      | Found an ornate altar of the Wu Jian Council.
  4400 | D:6      | Reached skill level 5 in Fighting
  4509 | D:6      | Found a white marble altar of Elyvilon.
  4509 | D:6      | Found a glowing silver altar of Zin.
  4540 | D:6      | Noticed Menkaure
  4546 | D:6      | Killed Menkaure
  4547 | D:6      | Reached XP level 8. HP: 50/70 MP: 8/8
  5217 | D:6      | Received a gift from Nemelex Xobeh
  5913 | D:7      | Reached **** piety under Nemelex Xobeh
  5977 | D:7      | Noticed Dowan
  5978 | D:7      | Noticed Duvessa
  5990 | D:7      | Reached XP level 9. HP: 55/79 MP: 9/9
  6171 | D:7      | Received a gift from Nemelex Xobeh
  6337 | D:7      | Killed Duvessa
  6343 | D:7      | Killed Dowan
  6550 | D:7      | Found a sand-covered staircase.
  6557 | Ossuary  | Entered an ossuary
  6661 | Ossuary  | Reached skill level 10 in Shapeshifting
  7277 | D:8      | Found a flagged portal.
  7296 | Bailey   | Entered a bailey
  7320 | Bailey   | Received a gift from Nemelex Xobeh
  7592 | Bailey   | Noticed an orc knight
  7611 | Bailey   | Noticed a hellwing
  7616 | Bailey   | Killed an orc knight
  7617 | Bailey   | Reached XP level 10. HP: 42/91 MP: 10/10
  7782 | Bailey   | Noticed an orc warlord
  7950 | Bailey   | Noticed an orc knight
  7967 | Bailey   | Killed an orc knight
  8055 | Bailey   | Got the Teachings on Combative Virulence
  8187 | Bailey   | Killed an orc warlord
  8188 | Bailey   | Reached skill level 10 in Fighting
  8226 | D:8      | Noticed a two-headed ogre
  8236 | D:8      | Killed a two-headed ogre
  8357 | D:8      | Found a staircase to the Lair.
  8761 | D:9      | Reached ***** piety under Nemelex Xobeh
  8827 | D:8      | Reached skill level 5 in Invocations
  8943 | D:9      | Identified the +6 arbalest of Yprem {drain, rPois}
  9267 | D:9      | Received a gift from Nemelex Xobeh
  9302 | D:9      | Reached XP level 11. HP: 88/99 MP: 15/15
  9392 | D:9      | Found a basalt altar of Yredelemnul.
  9456 | D:9      | Received a gift from Nemelex Xobeh
  9471 | D:9      | Found a snail-covered altar of Cheibriados.
  9628 | D:9      | Found a shimmering blue altar of Sif Muna.
  9628 | D:9      | Found a burning altar of Makhleb.
  9631 | D:9      | Found an ancient bone altar of Kikubaaqudgha.
  9632 | D:9      | Found a shadowy altar of Dithmenos.
  9808 | D:10     | Entered Level 10 of the Dungeon
 10093 | D:10     | Found a runed translucent door.
 10093 | D:10     | Noticed a brown ugly thing
 10103 | D:10     | Killed a brown ugly thing
 10229 | D:10     | Received a gift from Nemelex Xobeh
 10623 | D:10     | Found a stormy altar of Qazlal.
 10904 | D:10     | Noticed a deep elf zephyrmancer
 11082 | D:11     | Found a runed translucent gate.
 11082 | D:11     | Found a runed translucent gate.
 11083 | D:11     | Found a runed translucent gate.
 11083 | D:11     | Noticed a purple ugly thing
 11083 | D:11     | Noticed a green ugly thing
 11083 | D:11     | Noticed a glowing orange brain
 11083 | D:11     | Noticed a brown ugly thing
 11092 | D:11     | Noticed a green ugly thing
 11695 | D:11     | Received a gift from Nemelex Xobeh
 11857 | D:12     | Noticed a deep elf pyromancer
 11861 | D:12     | Killed a deep elf pyromancer
 12070 | D:12     | Reached skill level 10 in Invocations
 12155 | D:12     | Found a staircase to the Orcish Mines.
 12889 | D:12     | Noticed a green ugly thing
 12895 | D:12     | Killed a brown ugly thing
 12915 | D:12     | Found Qaresan's Jewellery Shoppe.
 13390 | D:12     | Noticed a two-headed ogre
 13409 | D:12     | Killed a two-headed ogre
 13410 | D:12     | Reached XP level 12. HP: 83/106 MP: 20/20
 13521 | D:12     | Found a sparkling altar of Nemelex Xobeh.
 13729 | D:13     | Received a gift from Nemelex Xobeh
 13875 | D:13     | Noticed a catoblepas
 13888 | D:13     | Killed a catoblepas
 13926 | D:13     | Found a gate leading to a gauntlet.
 13939 | Gauntlet | Entered a Gauntlet
 13939 | Gauntlet | Found a transporter.
 13939 | Gauntlet | Found a runed translucent door.
 13981 | Gauntlet | Found a runed translucent door.
 13983 | Gauntlet | Found a transporter.
 13987 | Gauntlet | Found a transporter.
 13995 | Gauntlet | Found a transporter.
 13999 | Gauntlet | Found a transporter.
 14007 | Gauntlet | Found a transporter.
 14011 | Gauntlet | Found a transporter.
 14015 | Gauntlet | Found a runed translucent door.
 14016 | Gauntlet | Found a runed translucent door.
 14019 | Gauntlet | Found a transporter.
 14023 | Gauntlet | Found a transporter.
 14025 | Gauntlet | Noticed a dire elephant
 14031 | Gauntlet | Found a transporter.
 14062 | Gauntlet | Found a transporter.
 14074 | Gauntlet | Found a transporter.
 14087 | Gauntlet | Found a transporter.
 14100 | Gauntlet | Found a transporter.
 14478 | Gauntlet | Identified the amulet of Lygiej {Spirit -Tele Rampage rElec
                  | Dex+8}
 14478 | Gauntlet | Noticed a minotaur
 14493 | Gauntlet | Killed a minotaur
 14745 | Gauntlet | Identified the ring of Kaorph {rPois Dex+2}
 14745 | Gauntlet | Identified the ring of Vimoxtaz {Ice rN+}
 15276 | D:13     | Received a gift from Nemelex Xobeh
 15304 | D:13     | Noticed a boulder beetle
 15315 | D:13     | Killed a boulder beetle
 15472 | D:13     | Received a gift from Nemelex Xobeh
 15583 | D:14     | Noticed a tengu warrior
 15589 | D:14     | Noticed a tengu warrior
 15823 | D:14     | Found a sacrificial altar of Ru.
 15850 | D:14     | Killed a tengu warrior
 15923 | D:14     | Noticed a two-headed ogre
 15930 | D:14     | Killed a two-headed ogre
 15936 | D:14     | Reached skill level 15 in Shapeshifting
 15949 | D:14     | Noticed a two-headed ogre
 15950 | D:14     | Noticed a two-headed ogre
 15951 | D:14     | Noticed an ogre mage
 15954 | D:14     | a two-headed ogre changed into a troll
 15954 | D:14     | an ogre mage changed into a queen bee
 15955 | D:14     | Noticed a two-headed ogre
 15955 | D:14     | Noticed a two-headed ogre
 15959 | D:14     | Noticed a two-headed ogre
 15960 | D:14     | Reached skill level 5 in Dodging
 15961 | D:14     | Killed a two-headed ogre
 15967 | D:14     | Killed a two-headed ogre
 15970 | D:14     | Killed a two-headed ogre
 15978 | D:14     | Killed a two-headed ogre
 16067 | D:14     | Noticed a two-headed ogre
 16073 | D:14     | Killed a two-headed ogre
 16074 | D:14     | Reached XP level 13. HP: 91/113 MP: 21/21
 16197 | D:14     | Noticed an ironbound preserver
 16197 | D:14     | Found a gate to the Vaults.
 16204 | D:14     | Killed an ironbound preserver
 17230 | D:12     | Bought a dragon-blood talisman for 900 gold pieces
 17604 | D:2      | Killed Crazy Yiuf
 17922 | D:6      | Killed seawaffle's ghost
 17927 | D:6      | Killed Consumeair16's ghost
 18555 | D:15     | Entered Level 15 of the Dungeon
 19010 | D:15     | Received a gift from Nemelex Xobeh
 19526 | D:15     | Received a gift from Nemelex Xobeh
 19633 | D:15     | Reached XP level 14. HP: 121/121 MP: 22/22
 19722 | D:15     | Identified the +7 quarterstaff of Ummouck {spect, Dex+5
                  | SInv}
 20196 | D:15     | Reached skill level 10 in Dodging
 20201 | D:15     | Found a staircase to the Depths.
 20574 | Orc:1    | Entered Level 1 of the Orcish Mines
 20669 | Orc:1    | Noticed Erolcha
 20746 | D:12     | Bought a ring of see invisible for 225 gold pieces
 20813 | Orc:1    | Erolcha changed into Erolcha the rat
 20813 | Orc:1    | Noticed Erolcha
 20816 | Orc:1    | Killed Erolcha the rat
 21036 | Orc:1    | Reached skill level 1 in Stealth
 21194 | Orc:1    | Received a gift from Nemelex Xobeh
 21219 | Orc:1    | Found Luvo's General Store.
 21222 | Orc:1    | Bought a scroll of identify for 28 gold pieces
 21222 | Orc:1    | Bought a scroll of immolation for 56 gold pieces
 21566 | Orc:2    | Entered Level 2 of the Orcish Mines
 21566 | Orc:2    | Reached ****** piety under Nemelex Xobeh
 21867 | Orc:2    | Found a staircase to the Elven Halls.
 21870 | Orc:2    | Noticed an orc warlord
 21982 | Orc:2    | Killed an orc warlord
 22144 | Orc:2    | Received a gift from Nemelex Xobeh
 22292 | Orc:2    | Found a shimmering altar of Xom.
 22354 | Orc:2    | Reached skill level 5 in Stealth
 23089 | Orc:2    | Found Wiagey's Antique Weapon Shoppe.
 23089 | Orc:2    | Found Neokkoorr's Antique Weapon Shop.
 23296 | Orc:2    | Found Vepayckie's Weapon Boutique.
 23296 | Orc:2    | Found Qesuzud's Distillery.
 23304 | Orc:2    | Bought a potion of degeneration for 13 gold pieces
 23304 | Orc:2    | Bought 2 potions of heal wounds for 130 gold pieces
 23304 | Orc:2    | Bought a potion of invisibility for 104 gold pieces
 23412 | Orc:1    | Acquired 661 gold pieces
 23414 | Orc:1    | Bought a condenser vane for 560 gold pieces
 23485 | D:12     | Bought a ring of willpower for 375 gold pieces
 23623 | Lair:1   | Entered Level 1 of the Lair of Beasts
 23770 | Lair:1   | Reached skill level 5 in Unarmed Combat
 23910 | Lair:1   | Reached XP level 15. HP: 126/126 MP: 23/23
 23912 | Lair:1   | Received a gift from Nemelex Xobeh
 24212 | Lair:1   | Found a runed translucent door.
 24212 | Lair:1   | Found a shimmering altar of Xom.
 24212 | Lair:1   | Noticed monsoonserge's ghost (journeyman GnSh)
 24385 | Lair:2   | Received a gift from Nemelex Xobeh
 25221 | Lair:3   | Received a gift from Nemelex Xobeh
 25474 | Lair:3   | Noticed Snorg
 25482 | Lair:3   | Killed Snorg
 25625 | Lair:3   | Found a staircase to the Snake Pit.
 25806 | Lair:3   | Found a staircase to the Swamp.
 26135 | Lair:4   | Received a gift from Nemelex Xobeh
 26393 | Lair:4   | Received a gift from Nemelex Xobeh
 26577 | Lair:4   | Received a gift from Nemelex Xobeh
 26841 | Lair:5   | Entered Level 5 of the Lair of Beasts
 26874 | Lair:5   | Reached skill level 10 in Unarmed Combat
 27196 | Lair:5   | Found a staircase to the Slime Pits.
 27224 | Lair:5   | Reached XP level 16. HP: 134/134 MP: 24/24
 27288 | Lair:5   | Received a gift from Nemelex Xobeh
 27704 | Lair:5   | Received a gift from Nemelex Xobeh
 28513 | Lair:1   | Killed monsoonserge's ghost
 28516 | Lair:1   | Reached skill level 1 in Evocations
 29053 | Snake:1  | Entered Level 1 of the Snake Pit
 29140 | Snake:1  | Received a gift from Nemelex Xobeh
 29836 | Snake:1  | Received a gift from Nemelex Xobeh
 30004 | Snake:1  | Found Eskek's Jewellery Shop.
 30004 | Snake:1  | Found Neiworot's Book Shoppe.
 30005 | Snake:1  | Found Wasuixue's Book Shoppe.
 30063 | Snake:1  | Received a gift from Nemelex Xobeh
 30298 | Snake:2  | Reached skill level 5 in Evocations
 30511 | Snake:2  | Found Jitugimp's Weapon Boutique.
 30514 | Snake:2  | Found Noargh Qead's Antique Armour Shop.
 30516 | Snake:2  | Found Ituuca's Book Boutique.
 30584 | Snake:2  | Received a gift from Nemelex Xobeh
 30894 | Snake:2  | Received a gift from Nemelex Xobeh
 30961 | Snake:2  | Found a glacial archway.
 30973 | IceCv    | Entered an ice cave
 31637 | IceCv    | Identified the amulet of the Eight Beggars {Reflect rC+
                  | rCorr Int+5 SH+5}
 31639 | IceCv    | Identified the ring of Plog {rPois MP+9 Str+3 Dex+3}
 35252 | Snake:3  | Received a gift from Nemelex Xobeh
 35433 | Snake:3  | Found Teodosio's Dragon-Slaying Spoils.
 35441 | Snake:3  | Reached XP level 17. HP: 140/140 MP: 25/25
 35459 | Snake:3  | Identified the +2 robe "Karryt" {rN++ Str-4 Dex+8}
 35476 | Snake:3  | Found Wav Qal's Antique Armour Shoppe.
 35665 | Snake:4  | Entered Level 4 of the Snake Pit
 36311 | Snake:4  | Reached skill level 10 in Evocations
 36473 | Snake:4  | Noticed Vashnia
 36671 | Snake:4  | Found Unikaxeq's Armour Shoppe.
 36687 | Snake:4  | Received a gift from Nemelex Xobeh
 37049 | Snake:4  | Found a transporter.
 37055 | Snake:4  | Found a transporter.
 37277 | Snake:4  | Found a transporter.
 37283 | Snake:4  | Found a transporter.
 38463 | Snake:4  | Found a transporter.
 38465 | Snake:4  | Found a transporter.
 38679 | Snake:4  | Killed Vashnia
 38757 | Snake:4  | Got a serpentine rune of Zot
 39041 | Swamp:1  | Entered Level 1 of the Swamp
 39167 | Swamp:1  | Received a gift from Nemelex Xobeh
 39453 | Swamp:1  | Found an iron altar of Okawaru.
 40047 | Swamp:2  | Noticed Donald
 40047 | Swamp:2  | Noticed Frances
 40603 | Swamp:2  | Killed Donald
 40641 | Swamp:2  | Reached XP level 18. HP: 154/154 MP: 26/26
 40815 | Swamp:2  | Received a gift from Nemelex Xobeh
 41499 | Swamp:2  | Killed Frances
 41636 | Swamp:3  | Noticed Mlioglotl
 42072 | Swamp:4  | Entered Level 4 of the Swamp
 42072 | Swamp:4  | Received a gift from Nemelex Xobeh
 42530 | Swamp:3  | Killed Mlioglotl
 42745 | Snake:1  | Bought the ring "Tuolur" {rCorr AC+4 Str+4 Dex+5} for 877
                  | gold pieces
 42745 | Snake:1  | Bought a maw talisman for 390 gold pieces
 43336 | Swamp:4  | Noticed the 27-headed Lernaean hydra
 44870 | Swamp:4  | Got a decaying rune of Zot
 44902 | Swamp:4  | Killed the 27-headed Lernaean hydra
 45334 | D:11     | Found a runed translucent gate.
 45334 | D:11     | Found a runed translucent gate.
 45337 | D:11     | Found a runed translucent gate.
 45337 | D:11     | Noticed jimmypageman's ghost (journeyman MiFi)
 45477 | D:11     | Killed jimmypageman's ghost
 46009 | Snake:1  | Bought a ring of willpower for 325 gold pieces
 46302 | D:15     | Acquired 1058 gold pieces
 46585 | Snake:1  | Bought the ring "Rupp" {rElec rPois Dex+3} for 523 gold
                  | pieces
 46876 | Depths:1 | Entered Level 1 of the Depths
 46876 | Depths:1 | Received a gift from Nemelex Xobeh
 46902 | Depths:1 | Found a one-way gate to the infinite horrors of the Abyss.
 47060 | Depths:1 | Noticed Saint Roka
 47438 | D:15     | Killed Saint Roka
 47974 | Depths:1 | Found a one-way gate leading to the halls of Pandemonium.
 48212 | Depths:1 | Received a gift from Nemelex Xobeh
 48645 | Depths:1 | Found a gateway to Hell.
 48961 | Depths:2 | Received a gift from Nemelex Xobeh
 49000 | Depths:2 | Noticed a lich
 49056 | Depths:2 | Killed a lich
 49071 | Depths:2 | You are sucked into a shaft and drop 1 floor!
 49071 | Depths:3 | Noticed a lich
 49073 | Depths:3 | Killed a lich
 49286 | Depths:3 | Reached XP level 19. HP: 160/160 MP: 28/28
 49304 | Depths:3 | Identified the +6 chain mail "Izargh" {rElec Int+2 Stlth+}
 49675 | Depths:2 | Received a gift from Nemelex Xobeh
 51124 | Depths:2 | HP: 11/223 [hell knight/+4 heavy great mace (47)]
 51913 | Depths:2 | Noticed a juggernaut
 52439 | Depths:2 | Killed a juggernaut
 52507 | Depths:2 | Noticed a caustic shrike
 52779 | Depths:2 | Noticed a caustic shrike
 52781 | Depths:2 | Noticed a golden dragon
 52789 | Depths:2 | Killed a caustic shrike
 52845 | Depths:2 | Noticed a golden dragon
 52856 | Depths:2 | Killed a golden dragon
 52929 | Depths:2 | Killed a caustic shrike
 53021 | Depths:2 | Noticed a caustic shrike
 53033 | Depths:2 | Killed a golden dragon
 53034 | Depths:2 | Killed a caustic shrike
 53111 | Depths:2 | Noticed a caustic shrike
 53123 | Depths:2 | Killed a caustic shrike
 53124 | Depths:2 | Reached XP level 20. HP: 174/174 MP: 29/29
 53344 | Depths:3 | Received a gift from Nemelex Xobeh
 54120 | Depths:4 | Entered Level 4 of the Depths
 54314 | Depths:4 | Reached skill level 15 in Fighting
 54753 | Depths:4 | Found a one-way gateway to a ziggurat.
 54799 | Depths:4 | Found a hide-covered altar of Uskayaw.
 54802 | Depths:4 | Received a gift from Nemelex Xobeh
 55691 | Depths:4 | Found Zin's Purification Station.
 55691 | Depths:4 | Found a glowing silver altar of Zin.
 55755 | Depths:4 | Found a gate to the Realm of Zot.
 55766 | Depths:4 | Noticed a golden dragon
 55800 | Depths:4 | Noticed the Enchantress
 55830 | Depths:4 | Noticed a golden dragon
 55833 | Depths:4 | Noticed a golden dragon
 56034 | Elf:1    | Entered Level 1 of the Elven Halls
 56046 | Elf:1    | Received a gift from Nemelex Xobeh
 56147 | Elf:1    | Paralysed by an air elemental for 1 turns
 56358 | Elf:1    | Got the Quarto of the Endless Underlurkers
 56475 | Elf:1    | Found Paupsajy's Antique Weapon Emporium.
 56780 | Elf:2    | Found Nuxuz's Antique Armour Shop.
 56866 | Elf:2    | Found a runed translucent gate.
 56866 | Elf:2    | Found a runed translucent gate.
 56866 | Elf:2    | Found a runed translucent gate.
 57094 | Elf:2    | Received a gift from Nemelex Xobeh
 57344 | Elf:2    | Found a flickering gateway to a bazaar.
 57360 | Bazaar   | Entered a bazaar
 57364 | Bazaar   | Found Qaokk's Antique Armour Shoppe.
 57385 | Bazaar   | Found Heki's Jewellery Shoppe.
 57391 | Bazaar   | Found Axkeh's Jewellery Shoppe.
 57398 | Bazaar   | Found Wiclenyi's Magic Scroll Shop.
 57403 | Bazaar   | Found Abac's Weapon Emporium.
 57417 | Bazaar   | Bought a scroll of acquirement for 676 gold pieces
 57419 | Bazaar   | Bought a scroll of blinking for 97 gold pieces
 57419 | Bazaar   | Bought a scroll of blinking for 97 gold pieces
 57419 | Bazaar   | Bought a scroll of silence for 123 gold pieces
 57419 | Bazaar   | Acquired 718 gold pieces
 57431 | Bazaar   | Bought a talisman of death for 1040 gold pieces
 57492 | Elf:2    | Identified the ring "Gyniom" {Fire Fly}
 57494 | Elf:2    | Identified the +9 quarterstaff of Slow Death {venom, rElec
                  | Str+3 Int+3}
 57726 | Elf:2    | Noticed Nikola
 57806 | Elf:2    | Killed Nikola
 58189 | Elf:2    | Received a gift from Nemelex Xobeh
 59641 | Elf:2    | Identified the blade talisman "Iklytha" {Will++ Int-4
                  | Slay+6 Stlth+}
 60440 | Vaults:1 | Entered Level 1 of the Vaults
 60464 | Vaults:1 | Received a gift from Nemelex Xobeh
 60573 | Vaults:1 | Reached skill level 15 in Unarmed Combat
 60582 | Vaults:1 | Reached XP level 21. HP: 184/184 MP: 30/30
 61379 | Vaults:1 | Found Zonihuce's Antique Armour Shoppe.
 61414 | Vaults:1 | Received a gift from Nemelex Xobeh
 61913 | Vaults:2 | Found the +5 moon troll leather armour {Spirit, Regen++
                  | MP+5}
 62520 | Vaults:2 | Reached skill level 15 in Invocations
 63848 | Vaults:3 | Received a gift from Nemelex Xobeh
 64706 | Vaults:3 | Received a gift from Nemelex Xobeh
 64779 | Vaults:3 | Found a large runed translucent door.
 64779 | Vaults:3 | Found a large runed translucent door.
 64780 | Vaults:3 | Noticed spaghetti's ghost (adept DsHs)
 65040 | Vaults:3 | Reached skill level 15 in Evocations
 65169 | Vaults:3 | Found a staircase to the Crypt.
 65783 | Vaults:3 | Killed spaghetti's ghost
 66055 | Vaults:4 | Found Piept's Armour Shop.
 66061 | Vaults:4 | Bought a +2 hat for 240 gold pieces
 66126 | Vaults:4 | Received a gift from Nemelex Xobeh
 66368 | Vaults:4 | Reached XP level 22. HP: 192/192 MP: 33/33
 67103 | Vaults:4 | Received a gift from Nemelex Xobeh
 67458 | Vaults:4 | Reached skill level 15 in Dodging
 67808 | Vaults:4 | Identified the +9 arbalest of Tegofri {drain, Dex+3}
 68253 | Elf:3    | Entered Level 3 of the Elven Halls
 68479 | Elf:3    | Paralysed by an air elemental for 1 turns
 70347 | Elf:3    | Identified the ring "Virysud" {*Slow rF- rC+++ rCorr Int+6}
 70383 | Elf:3    | Got the Quarto of Argyropoeia and the Morgue
 70488 | Elf:3    | Identified the +1 ring mail "Niarac" {rN++ Str+2 Dex+4}
 70511 | Elf:3    | Found the +2 hood of the Assassin {Detect Stab+ Stlth++}
 70696 | Elf:3    | Identified the ring "Synliufrul" {rC- rCorr Int+6 Dex-3
                  | Stlth+}
 70705 | Elf:3    | Identified the +2 pair of boots of Iboitsa {Dex+8}
 70751 | Elf:3    | Noticed Roxanne
 71213 | Elf:3    | Found Sasop's Assorted Antiques.
 71228 | Elf:3    | Bought a potion of heal wounds for 160 gold pieces
 71666 | Elf:3    | Killed Roxanne
 72698 | Crypt:1  | Entered Level 1 of the Crypt
 72737 | Crypt:1  | You fall into a shaft and drop 1 floor!
 72852 | Crypt:2  | Received a gift from Nemelex Xobeh
 73905 | Crypt:1  | Received a gift from Nemelex Xobeh
 74141 | Crypt:1  | Got the Opusculum on Graupel and Tephra
 74260 | Crypt:2  | Noticed Grunn
 74260 | Crypt:2  | Received a gift from Nemelex Xobeh
 74758 | Crypt:2  | Killed Grunn
 74762 | Crypt:2  | Reached XP level 23. HP: 205/205 MP: 35/35
 75723 | Crypt:2  | Identified the +2 hand axe "Beastslayer" {freeze, rElec
                  | rPois rF++ Int-2}
 75799 | Crypt:2  | Identified the ring of the Townfolk {Wiz *Corrode Dex+7
                  | Stlth+}
 75920 | Crypt:3  | Entered Level 3 of the Crypt
 75920 | Crypt:3  | Received a gift from Nemelex Xobeh
 76754 | Crypt:3  | Reached skill level 10 in Stealth
 76831 | Crypt:3  | Received a gift from Nemelex Xobeh
 77038 | Crypt:3  | Found the +13 scythe of Curses {drain, curses, ^Drain}
 77263 | Crypt:3  | Found a staircase to the Tomb.
 77780 | Crypt:3  | Noticed an ancient lich
 77780 | Crypt:3  | Noticed a dread lich
 77780 | Crypt:3  | Noticed a dread lich
 77838 | Crypt:3  | Killed an ancient lich
 78009 | Crypt:3  | Killed a dread lich
 78023 | Crypt:3  | Killed a dread lich
 78319 | Crypt:3  | Identified the ring "Iwagud" {Fire Dex+3}
 79489 | Depths:4 | Killed the Enchantress
 80061 | Slime:1  | Entered Level 1 of the Pits of Slime
 80078 | Lair:5   | Reached skill level 1 in Shields
 80249 | Slime:1  | Received a gift from Nemelex Xobeh
 80635 | Slime:2  | Received a gift from Nemelex Xobeh
 80904 | Slime:2  | Reached skill level 5 in Shields
 82105 | Slime:3  | Received a gift from Nemelex Xobeh
 82819 | Slime:4  | Received a gift from Nemelex Xobeh
 82878 | Slime:4  | Reached XP level 24. HP: 103/214 MP: 20/35
 83795 | Slime:5  | Entered Level 5 of the Pits of Slime
 84109 | Slime:5  | Received a gift from Nemelex Xobeh
 84511 | Slime:5  | Noticed the Royal Jelly
 84952 | Slime:5  | Found a viscous altar of Jiyva.
 84953 | Slime:5  | Found the +7 hand cannon "Mule" {flame, backblast, rF+}
 85019 | Slime:5  | Found the +9 sword of Zonguldrok {reap}
 85226 | Slime:5  | Killed the Royal Jelly
 85277 | Slime:5  | Got a slimy rune of Zot
 85292 | Slime:5  | Identified the ring of Dyggek {Ice Int+3}
 85322 | Slime:5  | Acquired 1066 gold pieces
 85447 | Slime:5  | Identified the +5 great mace of Gootusin {venom, rElec rF+
                  | rC+}
 86013 | Vaults:5 | Entered Level 5 of the Vaults
 86013 | Vaults:5 | Received a gift from Nemelex Xobeh
 86175 | Vaults:5 | Reached skill level 10 in Shields
 87031 | Vaults:5 | Identified the +4 great mace of Immorality {heavy, rPois
                  | rF- Str+4}
 87355 | Vaults:5 | Noticed a dread lich
 87367 | Vaults:5 | Killed a dread lich
 87885 | Vaults:5 | Reached XP level 25. HP: 200/228 MP: 35/35
 87979 | Vaults:5 | Received a gift from Nemelex Xobeh
 87992 | Vaults:5 | Identified the staff "Soubbuv" {rElec rPois rC+ rN+
                  | Alchemy}
 88095 | Vaults:5 | Got a silver rune of Zot
 88759 | D:15     | Gained mutation: You have large cloven feet. [potion of
                  | mutation]
 88759 | D:15     | Gained mutation: You are clumsy. (Dex -2) [potion of
                  | mutation]
 88759 | D:15     | Gained mutation: Your flesh is cold resistant. (rC+)
                  | [potion of mutation]
 88760 | D:15     | Lost mutation: You have large cloven feet. [potion of
                  | mutation]
 88760 | D:15     | Lost mutation: Your flesh is cold resistant. (rC+) [potion
                  | of mutation]
 88760 | D:15     | Gained mutation: Your flesh is heat resistant. (rF+)
                  | [potion of mutation]
 88760 | D:15     | Gained mutation: You are partially covered in large bone
                  | plates. (SH +4) [potion of mutation]
 88760 | D:15     | Gained mutation: Your muscles are strong. (Str +4, Int/Dex
                  | -1) [potion of mutation]
 88760 | D:15     | Gained mutation: Your spells are a little harder to cast,
                  | but a little more powerful. [potion of mutation]
 88781 | D:15     | Acquired the +4 pair of gloves of Xoanap {Rampage Str+3
                  | Dex-2}
 88910 | Zot:1    | Entered Level 1 of the Realm of Zot
 89176 | Zot:1    | Found the +4 dragonskin cloak
 89176 | Zot:1    | Noticed Tiamat
 89516 | Zot:1    | Killed Tiamat
 90244 | Zot:1    | Received a gift from Nemelex Xobeh
 90642 | Zot:2    | Noticed a Killer Klown
 90791 | Zot:1    | Killed a Killer Klown
 92144 | Zot:2    | Noticed a Killer Klown
 92160 | Zot:2    | Killed a Killer Klown
 92218 | Zot:2    | Reached XP level 26. HP: 235/239 MP: 36/36
 92548 | Zot:2    | Identified the staff "Uxui" {rN+ Str+2 Int+7 Necro}
 92594 | Zot:3    | Received a gift from Nemelex Xobeh
 94884 | Zot:4    | Acquired 600 gold pieces
 94886 | Zot:4    | Received a gift from Nemelex Xobeh
 95102 | Zot:4    | Noticed an orb of fire
 95136 | Zot:4    | Killed an orb of fire
 95518 | Zot:4    | Received a gift from Nemelex Xobeh
 95561 | Zot:4    | Noticed an orb of fire
 95912 | Zot:5    | Entered Level 5 of the Realm of Zot
 96009 | Zot:5    | Received a gift from Nemelex Xobeh
 96684 | Zot:5    | Noticed an ancient lich
 96695 | Zot:5    | Killed an ancient lich
 96970 | Zot:5    | Noticed an orb of fire
 96980 | Zot:5    | Noticed an orb of fire
 96988 | Zot:5    | Killed an orb of fire
 97571 | Zot:5    | Reached XP level 27. HP: 246/246 MP: 37/37
 97831 | Zot:5    | Killed an orb of fire
 98012 | Zot:5    | Noticed an orb of fire
 98029 | Zot:5    | Killed an orb of fire
 98090 | Zot:5    | Identified the +1 flail of the Lost Spreadsheets {freeze,
                  | Int+2 Dex+3}
 98119 | Zot:5    | Noticed a dread lich
 98137 | Zot:5    | Paralysed by a dread lich for 3 turns
 98142 | Zot:5    | Killed a dread lich
 98273 | Zot:5    | Noticed an ancient lich
 98283 | Zot:5    | Killed an ancient lich
 98596 | D:15     | Acquired 678 gold pieces
 98600 | D:15     | Acquired the +5 pair of boots of the Devil's Team {SInv}
 98635 | D:15     | Acquired 638 gold pieces
 98715 | Hell     | Entered the Vestibule of Hell
 98715 | Hell     | Noticed Geryon
 98715 | Hell     | Received a gift from Nemelex Xobeh
 98722 | Hell     | Killed Geryon
 99145 | Hell     | Found a gateway to the decaying netherworld of Tartarus.
 99350 | Hell     | Found a gateway to the ashen valley of Gehenna.
 99563 | Hell     | Found a gateway to the Iron City of Dis.
 99685 | Hell     | Found a gateway to the freezing wastes of Cocytus.
100367 | Depths:1 | Voluntarily entered the Abyss.
100449 | Abyss:1  | Found a corrupted altar of Lugonu.
100505 | Abyss:1  | Received a gift from Nemelex Xobeh
100570 | Abyss:1  | Found a corrupted altar of Lugonu.
100577 | Abyss:1  | Found a corrupted altar of Lugonu.
100749 | Abyss:1  | Found a corrupted altar of Lugonu.
100757 | Abyss:1  | Found a corrupted altar of Lugonu.
100810 | Abyss:1  | Found a corrupted altar of Lugonu.
100918 | Abyss:1  | Found a corrupted altar of Lugonu.
100939 | Abyss:1  | Found a corrupted altar of Lugonu.
101066 | Abyss:1  | Received a gift from Nemelex Xobeh
101310 | Abyss:3  | Found a corrupted altar of Lugonu.
101310 | Abyss:3  | Received a gift from Nemelex Xobeh
101424 | Abyss:3  | Found a corrupted altar of Lugonu.
101643 | Abyss:3  | Found a broken altar of Ashenzari.
101645 | Abyss:3  | Received a gift from Nemelex Xobeh
101650 | Abyss:3  | Found a corrupted altar of Lugonu.
101680 | Abyss:3  | Found a corrupted altar of Lugonu.
101794 | Abyss:3  | Received a gift from Nemelex Xobeh
102168 | Abyss:3  | Found a corrupted altar of Lugonu.
102525 | Abyss:3  | Paralysed by accursed screaming for 1 turns
102526 | Abyss:3  | Got an abyssal rune of Zot
102571 | Depths:1 | Escaped the Abyss
102973 | Tomb:1   | Entered Level 1 of the Tomb of the Ancients
103285 | Tomb:1   | Received a gift from Nemelex Xobeh
103510 | Tomb:1   | Noticed a royal mummy
103520 | Tomb:1   | Killed a royal mummy
104734 | Pan      | Entered Pandemonium
104784 | Pan      | Noticed Icsesox the pandemonium lord
104802 | Depths:1 | Escaped Pandemonium
104998 | Pan      | Entered Pandemonium
105011 | Pan      | Received a gift from Nemelex Xobeh
105051 | Pan      | Noticed Puthruolel the pandemonium lord
105103 | Pan      | Killed Puthruolel the pandemonium lord
105545 | Pan      | Found an exit through the horrors of the Abyss.
105936 | Pan      | Noticed Gaqeduypn the pandemonium lord
105976 | Pan      | Killed Gaqeduypn the pandemonium lord
106441 | Pan      | Received a gift from Nemelex Xobeh
107050 | Depths:1 | Escaped Pandemonium
107173 | Pan      | Entered Pandemonium
107223 | Pan      | Received a gift from Nemelex Xobeh
107440 | Pan      | Found a runed translucent door.
107444 | Pan      | Found a runed translucent door.
107448 | Pan      | Found a runed translucent door.
107448 | Pan      | Found a runed translucent door.
107956 | Pan      | Noticed Nobbokaff the pandemonium lord
107978 | Pan      | Killed Nobbokaff the pandemonium lord
108374 | Pan      | Noticed Unliniub the pandemonium lord
108389 | Pan      | Killed Unliniub the pandemonium lord
108419 | Pan      | Received a gift from Nemelex Xobeh
108481 | Pan      | Identified the +10 great sword of the Nine Friends {freeze,
                  | +Blink Dex+6 Stlth+}
108980 | Pan      | Received a gift from Nemelex Xobeh
109072 | Pan      | Entered the realm of Lom Lobon.
109447 | Pan      | Reached skill level 15 in Stealth
110073 | Pan      | Noticed Lom Lobon
110087 | Pan      | Banished Lom Lobon
110119 | Pan      | Got a magical rune of Zot
110326 | Pan      | Received a gift from Nemelex Xobeh
110364 | Pan      | Received a gift from Nemelex Xobeh
110864 | Pan      | Found an exit through the horrors of the Abyss.
110929 | Pan      | Noticed Darchiudu the pandemonium lord
110966 | Pan      | Killed Darchiudu the pandemonium lord
111697 | Pan      | Got a demonic rune of Zot
111828 | Pan      | Lost mutation: Your spells are a little harder to cast, but
                  | a little more powerful. [potion of mutation]
111828 | Pan      | Lost mutation: You are clumsy. (Dex -2) [potion of
                  | mutation]
111855 | Pan      | Received a gift from Nemelex Xobeh
112298 | Pan      | Received a gift from Nemelex Xobeh
112322 | Pan      | Found a transporter.
112469 | Pan      | Found a transporter.
113101 | Pan      | HP: 9/258 [Tzitzimitl/dispel undead (48)]
113102 | Pan      | Noticed Oleatwu the pandemonium lord
113320 | Pan      | Received a gift from Nemelex Xobeh
113595 | Pan      | Killed Oleatwu the pandemonium lord
113806 | Pan      | Received a gift from Nemelex Xobeh
114253 | Pan      | Noticed Ogremnam the pandemonium lord
114274 | Pan      | Killed Ogremnam the pandemonium lord
114426 | Pan      | Received a gift from Nemelex Xobeh
114754 | Pan      | Received a gift from Nemelex Xobeh
115369 | Pan      | Found an exit through the horrors of the Abyss.
115555 | Pan      | Received a gift from Nemelex Xobeh
115691 | Pan      | Noticed Rufiaw the pandemonium lord
115720 | Pan      | Killed Rufiaw the pandemonium lord
116109 | Pan      | Entered the realm of Gloorx Vloq.
116136 | Pan      | Received a gift from Nemelex Xobeh
116496 | Pan      | Found an exit through the horrors of the Abyss.
116654 | Pan      | Received a gift from Nemelex Xobeh
116755 | Pan      | Noticed Gloorx Vloq
116772 | Pan      | Killed Gloorx Vloq
116884 | Pan      | Got a dark rune of Zot
117339 | Pan      | Received a gift from Nemelex Xobeh
117381 | Pan      | Found a runed translucent door.
117580 | Pan      | Paralysed by accursed screaming for 1 turns
118066 | Pan      | Noticed Cebilulo the pandemonium lord
118072 | Pan      | Killed Cebilulo the pandemonium lord
118077 | Pan      | Entered the realm of Cerebov.
118091 | Pan      | Received a gift from Nemelex Xobeh
118755 | Pan      | Received a gift from Nemelex Xobeh
119157 | Pan      | Identified the +1 pair of boots of the Morning {Will+
                  | Str+3}
119422 | Pan      | Identified the ring "Qitotrof" {Wiz rF+ rN+ Will++}
119525 | Pan      | Identified the +7 sling of Corpus Delicti {drain, Fly
                  | Will+}
119527 | Pan      | Identified the staff of the Furious {rF+ rN+ Fire}
119610 | Pan      | Found the +6 sword of Cerebov {flame}
119610 | Pan      | Noticed Cerebov
120174 | Pan      | Killed Cerebov
120302 | Pan      | Identified the +9 morningstar "Spiderslayer" {venom, rPois}
120332 | Pan      | Got a fiery rune of Zot
120555 | Pan      | Entered the realm of Mnoleg.
120556 | Pan      | Noticed Mnoleg
120603 | Pan      | Killed Mnoleg
120866 | Pan      | Got a glowing rune of Zot
121193 | Pan      | Received a gift from Nemelex Xobeh
121289 | Pan      | Received a gift from Nemelex Xobeh
121439 | Pan      | Noticed Onaut the pandemonium lord
121453 | Pan      | Killed Onaut the pandemonium lord
121868 | Pan      | Found an exit through the horrors of the Abyss.
122205 | Pan      | Found a transporter.
122233 | Pan      | Found an exit through the horrors of the Abyss.
122367 | Pan      | Found a transporter.
122382 | Pan      | Received a gift from Nemelex Xobeh
122737 | Pan      | Received a gift from Nemelex Xobeh
122911 | Pan      | Found an exit through the horrors of the Abyss.
123395 | Pan      | Received a gift from Nemelex Xobeh
123653 | Pan      | Noticed Miasiph the pandemonium lord
123668 | Pan      | Killed Miasiph the pandemonium lord
123669 | Pan      | Reached skill level 15 in Shields
123987 | Pan      | Identified the +0 spear of Tupa {pain, rC+ Dex+4}
123999 | Pan      | Found a runed translucent door.
124249 | Pan      | Received a gift from Nemelex Xobeh
124255 | Pan      | Noticed Xoxato the pandemonium lord
124264 | Pan      | Killed Xoxato the pandemonium lord
124546 | Pan      | Found an exit through the horrors of the Abyss.
124685 | Pan      | Received a gift from Nemelex Xobeh
124906 | Pan      | Noticed Kosew the pandemonium lord
124950 | Pan      | Killed Kosew the pandemonium lord
126233 | Pan      | Received a gift from Nemelex Xobeh
126234 | Pan      | Found an exit through the horrors of the Abyss.
126403 | Pan      | Received a gift from Nemelex Xobeh
126909 | Pan      | Found a runed translucent door.
126911 | Pan      | Found a runed translucent door.
126915 | Pan      | Received a gift from Nemelex Xobeh
126918 | Pan      | Found a runed translucent door.
127020 | Pan      | Found a runed translucent door.
127596 | Pan      | Noticed Nenat the pandemonium lord
127622 | Pan      | Killed Nenat the pandemonium lord
127653 | Pan      | Got Boluuz's Spellbook of the Chilling Caves
127704 | Pan      | Received a gift from Nemelex Xobeh
127831 | Pan      | Found an exit through the horrors of the Abyss.
127851 | Pan      | Found a runed translucent door.
127941 | Pan      | Received a gift from Nemelex Xobeh
127943 | Pan      | Found a runed translucent door.
127948 | Pan      | Found a runed translucent door.
127953 | Pan      | Found a runed translucent door.
128299 | Pan      | Noticed Rarroc the pandemonium lord
128322 | Pan      | Killed Rarroc the pandemonium lord
128378 | Pan      | Found an exit through the horrors of the Abyss.
128449 | Pan      | Received a gift from Nemelex Xobeh
128529 | Pan      | Identified the +7 trident of Plog {drain, +Blink Dex+3}
128628 | Pan      | Identified the -1 tower shield "Tuureroq" {-Tele Harm MP+9
                  | Stlth+}
128655 | Pan      | Noticed Mennas
128792 | Pan      | Received a gift from Nemelex Xobeh
128901 | Pan      | Noticed Ymmet the pandemonium lord
129370 | Pan      | Killed Ymmet the pandemonium lord
129397 | Pan      | Killed Mennas
129716 | Pan      | Found a transporter.
129884 | Pan      | Found an exit through the horrors of the Abyss.
129979 | Pan      | Received a gift from Nemelex Xobeh
130051 | Pan      | Found a transporter.
130142 | Pan      | Received a gift from Nemelex Xobeh
130219 | Pan      | Identified the +0 hand axe of the Nexus {protect, rF- MP+9
                  | Int+2}
130732 | Pan      | Received a gift from Nemelex Xobeh
130791 | Pan      | Noticed Lirror the pandemonium lord
130804 | Pan      | Killed Lirror the pandemonium lord
131005 | Pan      | Found an exit through the horrors of the Abyss.
131695 | Pan      | Received a gift from Nemelex Xobeh
131811 | Pan      | Noticed Maumese the pandemonium lord
131826 | Pan      | Killed Maumese the pandemonium lord
132037 | Pan      | Received a gift from Nemelex Xobeh
132175 | Pan      | Received a gift from Nemelex Xobeh
132718 | Pan      | Received a gift from Nemelex Xobeh
133227 | Pan      | Identified the +3 robe of Entitlement {Dex+3}
133400 | Pan      | Received a gift from Nemelex Xobeh
133744 | Pan      | Received a gift from Nemelex Xobeh
133989 | Pan      | Found an exit through the horrors of the Abyss.
134453 | Pan      | Noticed Nan Wyst the pandemonium lord
134484 | Pan      | Killed Nan Wyst the pandemonium lord
134721 | Pan      | Received a gift from Nemelex Xobeh
135090 | Pan      | Found an exit through the horrors of the Abyss.
135270 | Pan      | Found a huge runed translucent gate.
135270 | Pan      | Found a huge runed translucent gate.
135270 | Pan      | Found a huge runed translucent gate.
135271 | Pan      | Found a huge runed translucent gate.
135271 | Pan      | Found a huge runed translucent gate.
135272 | Pan      | Found a huge runed translucent gate.
135272 | Pan      | Found a huge runed translucent gate.
135273 | Pan      | Found a huge runed translucent gate.
135273 | Pan      | Found a huge runed translucent gate.
135273 | Pan      | Found a huge runed translucent gate.
135274 | Pan      | Found a huge runed translucent gate.
135274 | Pan      | Found a huge runed translucent gate.
135275 | Pan      | Found a huge runed translucent gate.
135275 | Pan      | Found a huge runed translucent gate.
135275 | Pan      | Found a huge runed translucent gate.
135275 | Pan      | Found a huge runed translucent gate.
135276 | Pan      | Found a huge runed translucent gate.
135276 | Pan      | Found a huge runed translucent gate.
135276 | Pan      | Found a huge runed translucent gate.
135276 | Pan      | Found a huge runed translucent gate.
135276 | Pan      | Found a huge runed translucent gate.
135278 | Pan      | Noticed Amouqag the pandemonium lord
135330 | Pan      | Killed Amouqag the pandemonium lord
135532 | Pan      | Noticed Burode the pandemonium lord
135548 | Pan      | Killed Burode the pandemonium lord
135784 | Pan      | Found an exit through the horrors of the Abyss.
135927 | Pan      | Received a gift from Nemelex Xobeh
136523 | Depths:1 | Escaped Pandemonium
136587 | Coc:1    | Entered Level 1 of Cocytus
136966 | Coc:2    | Received a gift from Nemelex Xobeh
137895 | Coc:5    | Received a gift from Nemelex Xobeh
138063 | Coc:6    | Noticed a dread lich
138078 | Coc:6    | Killed a dread lich
138100 | Coc:6    | Reached skill level 27 in Fighting
138276 | Coc:7    | Entered Level 7 of Cocytus
138626 | Coc:7    | Paralysed by a wendigo for 1 turns
139242 | Coc:7    | Identified the +4 morningstar "Newtbane" {freeze, ^Fragile
                  | Fly rElec rCorr}
139242 | Coc:7    | Noticed Antaeus
139256 | Coc:7    | Killed Antaeus
139329 | Coc:7    | Identified the +3 robe of Polytheism {*Corrode rElec MP+9}
139337 | Coc:7    | Got an icy rune of Zot
139559 | Geh:1    | Entered Level 1 of Gehenna
139561 | Geh:1    | Reached skill level 27 in Unarmed Combat
139585 | Geh:1    | Received a gift from Nemelex Xobeh
140250 | Geh:2    | Received a gift from Nemelex Xobeh
140908 | Geh:4    | You fall into a shaft and drop 2 floors!
141235 | Geh:7    | Entered Level 7 of Gehenna
141885 | Geh:7    | Received a gift from Nemelex Xobeh
141934 | Geh:7    | Found the +15 Maxwell's patent armour {-Cast -Tele rElec
                  | Will+ rCorr}
141946 | Geh:7    | Reached skill level 27 in Invocations
141952 | Geh:7    | Identified the +3 robe of a ziggurat {-Cast rElec Will+
                  | Slay+3}
142091 | Geh:7    | Noticed the Serpent of Hell
142108 | Geh:7    | Killed the Serpent of Hell
142686 | Geh:7    | Found the +13 sceptre of Asmodeus
142686 | Geh:7    | Noticed Asmodeus
142702 | Geh:7    | Killed Asmodeus
142716 | Geh:7    | Got an obsidian rune of Zot
143001 | Dis:1    | Entered Level 1 of the Iron City of Dis
144221 | Dis:4    | Noticed an ancient lich
144222 | Dis:4    | Killed an ancient lich
144283 | Dis:4    | Received a gift from Nemelex Xobeh
144790 | Dis:6    | Received a gift from Nemelex Xobeh
144807 | Dis:7    | Entered Level 7 of the Iron City of Dis
145772 | Dis:7    | Received a gift from Nemelex Xobeh
145962 | Dis:7    | Reached skill level 27 in Evocations
146373 | Dis:7    | Noticed a juggernaut
146377 | Dis:7    | Killed a juggernaut
146409 | Dis:7    | Identified the +1 leather armour of Gluttony {rN+++ Dex+2}
146548 | Dis:7    | Received a gift from Nemelex Xobeh
147131 | Dis:7    | Noticed a juggernaut
147173 | Dis:7    | Killed a juggernaut
147334 | Dis:7    | Noticed Dispater
147359 | Dis:7    | Killed Dispater
147361 | Dis:7    | Got an iron rune of Zot
147582 | Tar:1    | Entered Level 1 of Tartarus
147585 | Tar:1    | You fall into a shaft and drop 1 floor!
147667 | Tar:2    | Received a gift from Nemelex Xobeh
148025 | Tar:3    | Received a gift from Nemelex Xobeh
148129 | Tar:4    | Found a runed translucent door.
148401 | Tar:5    | Reached skill level 27 in Dodging
148426 | Tar:5    | Learned a level 9 spell: Shatter
148460 | Tar:5    | Reached skill level 1 in Earth Magic
148674 | Tar:5    | Received a gift from Nemelex Xobeh
148706 | Tar:5    | Reached skill level 5 in Earth Magic
149194 | Tar:7    | Entered Level 7 of Tartarus
149223 | Tar:7    | Received a gift from Nemelex Xobeh
149633 | Tar:7    | Noticed an ancient lich
149635 | Tar:7    | Noticed an ancient lich
149637 | Tar:7    | Killed an ancient lich
149639 | Tar:7    | Killed an ancient lich
149646 | Tar:7    | Identified the +10 broad axe of Viemaw {protect, rPois rC+
                  | Will+ Int-5}
149673 | Tar:7    | Learned a level 5 spell: Lee's Rapid Deconstruction
149678 | Tar:7    | Learned a level 4 spell: Petrify
149682 | Tar:7    | Reached skill level 10 in Earth Magic
149855 | Tar:7    | Noticed a dread lich
149857 | Tar:7    | Noticed an ancient lich
149860 | Tar:7    | Killed a dread lich
149862 | Tar:7    | Killed an ancient lich
149864 | Tar:7    | Identified the +0 pearl dragon scales of Gravitas {rN+
                  | Will+}
149865 | Tar:7    | Identified the +8 hand axe of Xestriro {protect, Int+3}
149868 | Tar:7    | Identified the +6 lajatang of Zoipn {freeze, rElec rC+
                  | Will++}
149913 | Tar:7    | Identified the staff of Pestilence {rPois rF+ Str+3 Int+3
                  | Dex+3 Alchemy}
150477 | Tar:7    | Noticed Ereshkigal
150680 | Tar:7    | Killed Ereshkigal
150733 | Tar:7    | Identified the staff of Sifo {^Fragile rPois rC++ rN+
                  | Necro}
150958 | Tar:7    | Got a bone rune of Zot
151567 | Pan      | Entered Pandemonium
151578 | Pan      | Noticed Riureafy the pandemonium lord
151588 | Pan      | Killed Riureafy the pandemonium lord
151613 | Pan      | Reached skill level 15 in Earth Magic
151676 | Pan      | Found an exit through the horrors of the Abyss.
152326 | Pan      | Received a gift from Nemelex Xobeh
152462 | Pan      | Received a gift from Nemelex Xobeh
152480 | Pan      | Noticed Laenuf the pandemonium lord
152490 | Pan      | Killed Laenuf the pandemonium lord
152707 | Pan      | Received a gift from Nemelex Xobeh
153279 | Pan      | Received a gift from Nemelex Xobeh
153373 | Pan      | Identified the +2 orcbow of Defiance {speed, ^Fragile rF+++
                  | Dex-2 SInv}
153456 | Pan      | Noticed Kukey the pandemonium lord
153473 | Pan      | Killed Kukey the pandemonium lord
154043 | Pan      | Noticed Coplor the pandemonium lord
154060 | Pan      | Killed Coplor the pandemonium lord
154329 | Pan      | Received a gift from Nemelex Xobeh
154871 | Pan      | Received a gift from Nemelex Xobeh
154982 | Pan      | Noticed Ponatoha the pandemonium lord
154992 | Pan      | Killed Ponatoha the pandemonium lord
155159 | Pan      | Received a gift from Nemelex Xobeh
155192 | Pan      | Found an exit through the horrors of the Abyss.
155206 | Pan      | Received a gift from Nemelex Xobeh
155634 | Pan      | Identified the +0 pair of boots of Veeguose {rC+}
156250 | Pan      | Noticed Unaqih the pandemonium lord
156286 | Pan      | Killed Unaqih the pandemonium lord
156421 | Pan      | Received a gift from Nemelex Xobeh
156953 | Pan      | Reached skill level 1 in Axes
157149 | Pan      | Received a gift from Nemelex Xobeh
157337 | Pan      | Found an exit through the horrors of the Abyss.
157451 | Pan      | Noticed Casiblo the pandemonium lord
157471 | Pan      | Killed Casiblo the pandemonium lord
157832 | Pan      | Reached skill level 5 in Axes
158000 | Pan      | Found an exit through the horrors of the Abyss.
158098 | Pan      | Received a gift from Nemelex Xobeh
158195 | Pan      | Noticed Tixt the pandemonium lord
158205 | Pan      | Killed Tixt the pandemonium lord
158265 | Pan      | Received a gift from Nemelex Xobeh
158550 | Pan      | Noticed Domoutahe the pandemonium lord
158568 | Pan      | Killed Domoutahe the pandemonium lord
158681 | Pan      | Identified the +0 ring mail of the Dripping Gods {^Drain
                  | +Blink Int+3}
158986 | Pan      | Received a gift from Nemelex Xobeh
159444 | Pan      | Received a gift from Nemelex Xobeh
159448 | Pan      | Found an exit through the horrors of the Abyss.
159652 | Pan      | Noticed Muten the pandemonium lord
159673 | Pan      | Killed Muten the pandemonium lord
160108 | Pan      | Found an exit through the horrors of the Abyss.
160110 | Pan      | Received a gift from Nemelex Xobeh
160237 | Pan      | Noticed Honiu the pandemonium lord
160255 | Pan      | Killed Honiu the pandemonium lord
160565 | Pan      | Found an exit through the horrors of the Abyss.
160566 | Pan      | Found a runed translucent door.
160698 | Pan      | Received a gift from Nemelex Xobeh
161079 | Pan      | Reached skill level 10 in Axes
161109 | Pan      | Noticed Ycliel Pumu the pandemonium lord
161120 | Pan      | Killed Ycliel Pumu the pandemonium lord
161148 | Pan      | Noticed Fifuys the pandemonium lord
161179 | Pan      | Killed Fifuys the pandemonium lord
161323 | Pan      | Received a gift from Nemelex Xobeh
161332 | Pan      | Acquired the ring "Neezuogg" {Wiz Dex+3}
161697 | Pan      | Found an exit through the horrors of the Abyss.
161979 | Pan      | Received a gift from Nemelex Xobeh
162170 | Pan      | Found a runed translucent door.
162365 | Pan      | Found an exit through the horrors of the Abyss.
162398 | Pan      | Reached skill level 27 in Earth Magic
162770 | Pan      | Received a gift from Nemelex Xobeh
163411 | Pan      | Noticed Rerrol the pandemonium lord
163416 | Pan      | Killed Rerrol the pandemonium lord
163669 | Pan      | Noticed Wedoloqyo the pandemonium lord
163679 | Pan      | Killed Wedoloqyo the pandemonium lord
163726 | Pan      | Identified the +6 long sword of Dominance {flame, *Noise
                  | rElec rN+++ Dex+2}
163745 | Pan      | Received a gift from Nemelex Xobeh
164315 | Pan      | Found a huge runed translucent gate.
164319 | Pan      | Found a huge runed translucent gate.
164319 | Pan      | Found a huge runed translucent gate.
164319 | Pan      | Found a huge runed translucent gate.
164319 | Pan      | Found a huge runed translucent gate.
164319 | Pan      | Found a huge runed translucent gate.
164471 | Pan      | Received a gift from Nemelex Xobeh
164499 | Pan      | Reached skill level 1 in Spellcasting
164635 | Pan      | Found an exit through the horrors of the Abyss.
164797 | Pan      | Received a gift from Nemelex Xobeh
164978 | Pan      | Found a huge runed translucent gate.
164986 | Pan      | Noticed Enkonun the pandemonium lord
165014 | Pan      | Killed Enkonun the pandemonium lord
165195 | Pan      | Reached skill level 5 in Spellcasting
165431 | Pan      | Found an exit through the horrors of the Abyss.
165612 | Pan      | Received a gift from Nemelex Xobeh
165874 | Pan      | Noticed Ossaolust the pandemonium lord
165884 | Pan      | Killed Ossaolust the pandemonium lord
166199 | Pan      | Noticed Qicoaw the pandemonium lord
166214 | Pan      | Killed Qicoaw the pandemonium lord
166496 | Pan      | Received a gift from Nemelex Xobeh
167256 | Pan      | Reached skill level 15 in Axes
167629 | Pan      | Received a gift from Nemelex Xobeh
167829 | Pan      | Reached skill level 10 in Spellcasting
167886 | Pan      | Received a gift from Nemelex Xobeh
167891 | Pan      | Found a huge runed translucent gate.
167892 | Pan      | Found a huge runed translucent gate.
167893 | Pan      | Found a huge runed translucent gate.
167894 | Pan      | Found a huge runed translucent gate.
167896 | Pan      | Found a huge runed translucent gate.
167897 | Pan      | Found a huge runed translucent gate.
167965 | Pan      | Found an exit through the horrors of the Abyss.
168168 | Pan      | Found a huge runed translucent gate.
168182 | Pan      | Noticed Mackail the pandemonium lord
168204 | Pan      | Killed Mackail the pandemonium lord
168457 | Pan      | Upgraded the game from 0.31.0-12-g77e489cdc1 to
                  | 0.31.0-32-g396128a36d
168518 | Pan      | Noticed Bikk the pandemonium lord
168581 | Pan      | Killed Bikk the pandemonium lord
168755 | Pan      | Received a gift from Nemelex Xobeh
169046 | Pan      | Received a gift from Nemelex Xobeh
169468 | Pan      | Identified the +3 buckler of Compassion {+Inv Regen+ Str+3
                  | Dex-5}
170051 | Pan      | Identified the +2 tower shield of Qaryets {rElec rF+ Str-3}
170299 | Pan      | Found a glowing silver altar of Zin.
170343 | Pan      | Received a gift from Nemelex Xobeh
170352 | Pan      | Identified the +0 tower shield "Ewewkymp" {rN++}
170950 | Pan      | Identified the +8 tower shield of Spaghetti {rN+ Will+}
171017 | Pan      | Found a white marble altar of Elyvilon.
171663 | Pan      | Identified the +2 scale mail of Reyxaah {rPois rC+}
171666 | Pan      | Received a gift from Nemelex Xobeh
171837 | Pan      | Noticed a seraph
171846 | Pan      | Killed a seraph
172237 | Pan      | Found a glowing golden altar of the Shining One.
172678 | Depths:1 | Escaped Pandemonium
173149 | Tomb:1   | Noticed a royal mummy
173190 | Tomb:1   | Noticed a royal mummy
173193 | Tomb:1   | Noticed a royal mummy
173196 | Tomb:1   | Killed a royal mummy
173196 | Tomb:1   | Noticed a royal mummy
173201 | Crypt:3  | Killed a royal mummy
173327 | Tomb:1   | Killed a royal mummy
173331 | Tomb:1   | Noticed a royal mummy
173331 | Tomb:1   | Noticed a royal mummy
173349 | Crypt:3  | Killed a royal mummy
173375 | Tomb:1   | Noticed a royal mummy
173376 | Tomb:1   | Noticed a royal mummy
173385 | Crypt:3  | Killed a royal mummy
173417 | Tomb:1   | Noticed a royal mummy
173428 | Crypt:3  | Killed a royal mummy
173481 | Crypt:3  | Killed a royal mummy
173485 | Tomb:1   | Noticed a royal mummy
173500 | Crypt:3  | Killed a royal mummy
173558 | Crypt:3  | Killed a royal mummy
173630 | Crypt:3  | Killed a royal mummy
173645 | Tomb:1   | Noticed a royal mummy
173648 | Tomb:1   | Killed a royal mummy
173680 | Tomb:1   | Noticed a royal mummy
173685 | Tomb:1   | Killed a royal mummy
173737 | Tomb:1   | Noticed a royal mummy
173748 | Tomb:1   | Killed a royal mummy
173786 | Tomb:1   | Noticed a royal mummy
173798 | Tomb:1   | Killed a royal mummy
173831 | Tomb:1   | Noticed a royal mummy
173837 | Tomb:1   | Killed a royal mummy
174224 | Tomb:2   | Noticed a royal mummy
174226 | Tomb:2   | Noticed a royal mummy
174481 | Tomb:2   | Received a gift from Nemelex Xobeh
174960 | Tomb:2   | Noticed a royal mummy
174966 | Tomb:1   | Killed a royal mummy
175394 | Tomb:2   | Killed a royal mummy
175403 | Tomb:1   | Killed a royal mummy
175637 | Tomb:2   | Noticed a royal mummy
175650 | Tomb:2   | Killed a royal mummy
176245 | Tomb:3   | Entered Level 3 of the Tomb of the Ancients
176327 | Tomb:3   | Noticed a royal mummy
176339 | Tomb:3   | Noticed a royal mummy
176347 | Tomb:3   | Killed a royal mummy
176362 | Tomb:3   | Killed a royal mummy
176691 | Tomb:3   | Noticed a royal mummy
176691 | Tomb:3   | Noticed a royal mummy
176692 | Tomb:3   | Noticed a royal mummy
176692 | Tomb:3   | Noticed a royal mummy
176770 | Tomb:3   | Noticed a royal mummy
176777 | Tomb:3   | Found the dreamshard necklace {Acrobat *Dream}
176789 | Tomb:3   | Reached skill level 27 in Stealth
176790 | Tomb:3   | Killed a royal mummy
176790 | Tomb:3   | Killed a royal mummy
176792 | Tomb:3   | Killed a royal mummy
176792 | Tomb:3   | Killed a royal mummy
176794 | Tomb:3   | Killed a royal mummy
176987 | Tomb:3   | Noticed a royal mummy
177020 | Tomb:3   | Killed a royal mummy
177292 | Tomb:3   | Identified the ring of Kikubaaqudgha's Favour {rF+ Str+6
                  | Stlth+}
177375 | Tomb:3   | Got a golden rune of Zot
177453 | Tomb:3   | Identified the amulet of Vadodug {Spirit Int+2}
177456 | Tomb:3   | Identified the amulet of Dishonour {RegenMP Int+3}
177476 | Tomb:3   | Identified the staff "Yseipp" {rPois rC+ Will- Int+3 Hexes
                  | Ice}
177488 | Tomb:3   | Identified the +5 orcbow of the Freezing Gods {freeze,
                  | rElec rF+}
177493 | Tomb:3   | Identified the ring "Lur Ojed" {rElec rN+ Int+3 Stlth+}
177528 | Zig:1    | Entered Level 1 of a ziggurat
177529 | Zig:1    | Noticed Hos Ygro the pandemonium lord
177533 | Zig:1    | Killed Hos Ygro the pandemonium lord
177542 | Zig:2    | Entered Level 2 of a ziggurat
177557 | Zig:3    | Entered Level 3 of a ziggurat
177609 | Zig:4    | Entered Level 4 of a ziggurat
177622 | Zig:4    | Identified the ring "Veikaudo" {rElec rN+ Will- rCorr
                  | Slay+2}
177630 | Zig:4    | Identified the amulet of the Peasants {rPois Regen+}
177644 | Zig:5    | Entered Level 5 of a ziggurat
177649 | Zig:5    | Found the ring of Shadows {Umbra +Inv Stlth+}
177724 | Zig:6    | Entered Level 6 of a ziggurat
177793 | Zig:6    | Reached skill level 15 in Spellcasting
177818 | Zig:7    | Entered Level 7 of a ziggurat
177824 | Zig:7    | Received a gift from Nemelex Xobeh
177831 | Zig:7    | Paralysed by accursed screaming for 2 turns
177965 | Zig:7    | Identified the +7 quarterstaff of Gravity {flame, *Rage rF+
                  | rC++ MP+9}
177987 | Zig:8    | Entered Level 8 of a ziggurat
178048 | Zig:8    | Identified the amulet "Wakhuhy" {RegenMP Harm}
178052 | Zig:8    | Identified the amulet "Biong" {Faith rF+}
178054 | Zig:8    | Identified the +0 chain mail of the Sky {rElec Will++ Dex+2
                  | Stlth-}
178057 | Zig:9    | Entered Level 9 of a ziggurat
178065 | Zig:9    | Noticed Ubbiucus the pandemonium lord
178113 | Zig:9    | Killed Ubbiucus the pandemonium lord
178183 | Zig:9    | Identified the +12 rapier of Collusion {freeze, rF+}
178734 | Zig:1    | Entered Level 1 of a ziggurat
178761 | Zig:2    | Entered Level 2 of a ziggurat
178783 | Zig:3    | Entered Level 3 of a ziggurat
178802 | Zig:4    | Entered Level 4 of a ziggurat
178859 | Zig:5    | Entered Level 5 of a ziggurat
178887 | Zig:5    | Identified the +1 dire flail of the Unliving {holy, Will+}
178902 | Zig:6    | Entered Level 6 of a ziggurat
178923 | Zig:6    | Identified the ring of Jauxto {rC+ Dex+4 Slay+5}
179107 | Zig:7    | Entered Level 7 of a ziggurat
179133 | Zig:7    | Identified the +1 cloak "Jilitoom" {-Tele Str+3 Int+3}
179183 | Zig:8    | Entered Level 8 of a ziggurat
179361 | Zig:8    | Got Vehumet's Octavo of Destruction
179364 | Zig:8    | Identified the ring of Ziwih {Fly rN+ Dex+6}
179379 | Zig:9    | Entered Level 9 of a ziggurat
179387 | Zig:9    | Noticed an ancient lich
179392 | Zig:9    | Killed an ancient lich
179529 | Zig:10   | Entered Level 10 of a ziggurat
179537 | Zig:10   | Noticed Zathaist the pandemonium lord
179544 | Zig:10   | Killed Zathaist the pandemonium lord
179719 | Zig:10   | Identified the staff "Zafrur" {rF+ Str-2 Int+4 Fire}
179728 | Zig:11   | Entered Level 11 of a ziggurat
179737 | Zig:11   | Noticed a dread lich
179744 | Zig:11   | Killed a dread lich
179922 | Zig:11   | Identified the +1 scale mail of the Pit {rN++ Slay-3}
179933 | Zig:12   | Entered Level 12 of a ziggurat
179977 | Zig:12   | Identified the +2 robe "Vicre" {^Contam MP+9 Str+6 Int+4}
180123 | Zig:13   | Entered Level 13 of a ziggurat
180127 | Zig:13   | Noticed Zyqabbou the pandemonium lord
180144 | Zig:13   | Noticed Sutisi the pandemonium lord
180149 | Zig:13   | Identified the +0 halberd "Earthworm" {antimagic, ^Contam
                  | rC+ Int+2 Dex+2}
180175 | Zig:13   | Killed Sutisi the pandemonium lord
180175 | Zig:13   | Killed Zyqabbou the pandemonium lord
180268 | Zig:13   | Got Racw's Atlas of United Points
180273 | Zig:13   | Identified the +9 battleaxe of Valiance {heavy, *Corrode
                  | Fly rElec}
181243 | Zot:5    | Got the Orb of Zot
181322 | Zot:1    | Noticed Fysa the pandemonium lord
181351 | Zot:1    | Killed Fysa the pandemonium lord
181392 | Depths:3 | Noticed Zotu the pandemonium lord
181594 | D:7      | Noticed Egor the pandemonium lord
181734 | D:$      | Escaped with the Orb!

Illustrated notes

Levels and vault maps discovered:
D:1:      wander_arrival_fairy_ring, layout_basic
D:2:      layout_basic, basic_altar, serial_corexii_hall,
          corexii_hall_statues_l, corexii_hall_statues_x,
          uniq_crazy_yiuf_cottage
D:3:      layout_rooms, serial_shops, nicolae_shop_just_a_little_nook,
          grunt_ministairs_12, chequers_decorated_corner
D:4:      layout_rooms, xom_teletrap_fun, cheibrodos_sewer_entry_drain
D:5:      layout_basic, fedhas_altar_4, grunt_gozag_breadcrumbs,
          minmay_temple_entry_stoned_glass
D:6:      layout_layer_cave, mainiacjoe_overflow_six_doors_small,
          nicolae_overflow_two_pavilions, gammafunk_ghost_cemetery,
          uniq_menkaure
D:7:      layout_basic, chequers_ossuary_entry_cave, uniq_duvessa
D:8:      layout_basic, erik_lair_orcish_takeover, enter_bailey_5,
          due_unseen_surprise
D:9:      layout_gridville, kennysheep_slug_shrine, lemuel_crystal_altar,
          mainiacjoe_overflow_alcove_3
D:10:     layout_basic, nicolae_qazlal_eye_of_the_storm, minivault_13
D:11:     layout_loops_ring, ploomutoo_gammafunk_ghost_potion_laboratory, pond
D:12:     layout_cave_pods, minmay_orc_entry_temple_small, serial_shops,
          nicolae_shop_crystal, nemelex_xobeh_ov_fountains_minmay
D:13:     layout_irregular_city, gauntlet_entry_generic,
          nicolae_figureground_pulse
D:14:     layout_loops_corners, skrybe_vaults_entry_preservation,
          nicolae_ru_sacrificial_ziggurat
D:15:     gammafunk_enter_depths_forms, layout_cave_pools, minivault_11,
          kennysheep_flooded_box, nrook_loot_triangle
Temple:   nicolae_temple_bog_church
Lair:1:   layout_roguey, ebering_ghost_xom
Lair:2:   layout_cave_shapes, hangedman_lair_unloving_vines,
          serial_bayou_shore_b, grunt_megastairs_4
Lair:3:   layout_roguey, nicolae_swamp_entry_splash_gauntlet,
          nicolae_snake_entry_warm_welcome, uniq_snorg
Lair:4:   layout_misc_corridors, grunt_megastairs_5, serial_bayou_shore_a,
          serial_bayou_shore_b
Lair:5:   minmay_lair_end_enchanted_forest, layout_regular_city,
          minmay_slime_entry_oklob_enclosed
Swamp:1:  layout_falls_marsh, nicolae_swamp_godswood, swamp_pool_5
Swamp:2:  layout_basic_swamp, nicolae_swamp_small_spring,
          nicolae_swamp_soggy_hallways, uniq_donald, uniq_frances
Swamp:3:  layout_falls_marsh, hangedman_swamp_cone, uniq_mlioglotl
Swamp:4:  swamp_alternative, layout_basic_swamp, infiniplex_staircase_pool
Snake:1:  layout_grid_maze, grunt_megastairs_1, minmay_shop_grove
Snake:2:  layout_layer_cave, portal_ice_cave_entry_ice_statue_one,
          minmay_shop_star
Snake:3:  layout_grid_shapes, serial_shops, shop, nicolae_shop_dragon_depot,
          serial_bayou_pond_e
Snake:4:  johnstein_snake_rune_scales, layout_cave_town, serial_shops, shop,
          serial_nicolae_subway, nicolae_sub_station_crystal,
          nicolae_sub_station_stone, nicolae_sub_station_metal
Slime:1:  layout_caves
Slime:2:  nicolae_slime_jelly_donut, layout_caves,
          cheibrodos_slime_lost_civilization_5
Slime:3:  layout_caves, nicolae_slime_rock_hall_of_fame
Slime:4:  layout_caves
Slime:5:  slime_pit_nicolae_block_by_block
Orc:1:    layout_caves, serial_shops, shop, uniq_erolcha
Orc:2:    st_orc_ogre_mass, layout_caves, basic_altar, special_room
Elf:1:    eino_elf_arrival_the_gate, layout_geoelf_octagon, serial_shops, shop,
          minmay_elf_necromancy
Elf:2:    nicolae_elf_blades_splatter_lattice [nooodl_blade_entry_preview],
          layout_onion_city, serial_shops, bzr_entry_road,
          nicolae_shop_temple_entry_statues_fountains,
          kilobyte_mutagenic_chamber, uniq_nikola
Elf:3:    grunt_elf_hall_branching, layout_loops_corners, serial_shops,
          nicolae_shop_rolling_square, uniq_roxanne
Vaults:1: nicolae_vaults_angled_halls, v_misc_23, vaults_dpeg_emergency_exit,
          vaults_mumra_chevron_long, vaults_room_grunt_arrival_ludios,
          hangedman_vaults_corner_blocks, v_pattern_4,
          vaults_room_grunt_arrival_checkpoint,
          nicolae_vaults_security_offices_5, vaults_dpeg_cross, v_alt_pattern_4,
          v_misc_16, nicolae_vaults_storage_room_glass, layout_vaults_big_room,
          serial_shops, nicolae_shop_pleasant_corner_grove
Vaults:2: nicolae_vaults_trapezoid_lopsided_1, nicolae_vaults_closet_pinwheel_2,
          hangedman_vaults_stagger, vaults_room_stairs_pillars,
          nicolae_vaults_security_offices_1, vaults_dpeg_spiral, v_misc_3,
          nicolae_vaults_house_2, v_pattern_2, vaults_dpeg_ring,
          hangedman_vaults_cutoff, layout_vaults_maze
Vaults:3: ebering_ghost_disaster_area, minmay_crypt_entry_simple_round,
          nicolae_vaults_storage_closets_2, nicolae_vaults_variable_pillar_hall,
          nicolae_vaults_border_crossing, nicolae_vaults_wrenched,
          nicolae_vaults_trapezoid_3, hangedman_vaults_maws, vaults_mumra_hex,
          layout_vaults_omnigrid
Vaults:4: nicolae_vaults_more_shelving_1, ontoclasm_vaults_claustrophobia,
          nicolae_vaults_shrinking_rooms_2, nicolae_vaults_little_squares_6,
          v_rooms_6, hangedman_vaults_hat, st_hourglassy,
          nicolae_vaults_shrinking_rooms_1, v_misc_18,
          ontoclasm_vaults_ring_large, nicolae_vaults_specimen_jars,
          nicolae_vaults_trapezoid_lopsided_1, v_misc_13, layout_vaults_ring,
          serial_shops, shop
Vaults:5
Crypt:1:  layout_misc_corridors, serial_sigils, serial_sigils_hangedman_gnaw,
          serial_sigils_hangedman_confine, serial_sigils_hangedman_quiver,
          serial_sigils_hangedman_stare, serial_sigils_hangedman_gut,
          serial_sigils_hangedman_clutch, st_shrine_of_skulls
Crypt:2:  hangedman_hall_of_fallen_heroes, layout_rooms, uniq_grunn
Crypt:3:  david_glass_crypt, layout_gridlike, tomb_entry_pyramid_bobbens,
          nicolae_crypt_paired_memorials
Tomb:1
Tomb:2
Tomb:3
Depths:1: nicolae_hitomezashi [nicolae_hito_row, nicolae_hito_row,
          nicolae_hito_row, nicolae_hito_row, nicolae_hito_row,
          nicolae_hito_row, nicolae_hito_row, nicolae_hito_row,
          nicolae_hito_row, nicolae_hito_row, nicolae_hito_row,
          nicolae_hito_row, nicolae_hito_row, nicolae_hito_row,
          nicolae_hito_row, nicolae_hito_row, nicolae_hito_row,
          nicolae_hito_row], layout_basic, abyss_entry_small_statue_room,
          lightli_too_deep, reono_crystal_passage, rand_demon_pan_entry_8,
          hangedman_glass_teeth, corexii_hall_statues_deadend,
          kennysheep_generic_room_14, uniq_saint_roka
Depths:2: grunt_runaround [grunt_runaround_loot, grunt_runaround_doors_1,
          grunt_runaround_doors_2, grunt_runaround_doors_3,
          grunt_runaround_doors_4], pan_entry, hell_entry
Depths:3: hellmonk_ruined_rings, layout_gridlike, abyss_entry_glasseish,
          infiniplex_staircase_pool_2, grunt_hell_entry_dis_old,
          grunt_pan_entry_sceptre
Depths:4: evilmike_zot_entry_round, layout_gridlike, enter_ziggurat_c,
          lemuel_statue_altar, hell_entry, zin_purify, uniq_enchantress
Hell
Dis:1:    layout_subdivisions
Dis:2:    nicolae_dis_heavy_handed_symbolism
Dis:3:    layout_jigsaw, glass_columns_a
Dis:4:    layout_subdivisions
Dis:5:    layout_jigsaw, glass_columns_a
Dis:6:    layout_jigsaw
Dis:7:    dis_st
Geh:1:    layout_gehenna_pools_box
Geh:2:    layout_gehenna_lava_caves
Geh:3:    layout_gehenna_pools_triple
Geh:4:    layout_gehenna_lava_caves
Geh:6:    layout_gehenna_lava_caves
Geh:7:    geh_grunt
Coc:1:    layout_ice_bergs
Coc:2:    layout_cocytus_delve
Coc:3:    layout_cocytus_delve
Coc:4:    layout_ice_bergs
Coc:5:    layout_ice_bergs
Coc:6:    layout_cocytus_delve
Coc:7:    coc_old
Tar:1:    layout_honeycomb
Tar:2:    layout_cathedral_of_symmetry
Tar:3:    layout_grid_maze
Tar:4:    nicolae_tar_ssshhh
Tar:5:    layout_honeycomb
Tar:6:    layout_catacombs, nicolae_hells_seeping_fissure
Tar:7:    tar_grunt_cathedral
Zot:1:    hangedman_orp_of_zott, layout_twisted_circle,
          hangedman_zot_wheel_spokes, uniq_tiamat
Zot:2:    cheibrodos_zot_enchanting_chambers, layout_misc_corridors
Zot:3:    grunt_twist_and_shout, layout_concentric_octagons
Zot:4:    layout_gridlike, nrook_zot_tub
Zot:5:    layout_concentric_octagons, skrybe_zot_glass_2

Skill      XL: |  1  2  3  4  5  6  7  8  9 10 11 12 13 14 15 16 17 18 19 20 21 22 23 24 25 26 27 |
---------------+----------------------------------------------------------------------------------+-----
Fighting       | 2 3 4 5 7 9 10 12 14 15 17 19 20 27 | 27.0
Shapeshifting  | 4 5 6 7 9 11 12 13 15 16 17 18 19 20 21 22 23 | 23.3
Invocations    | 5 10 11 13 15 16 17 19 20 27 | 27.0
Dodging        | 5 9 10 11 13 14 15 17 18 27 | 27.0
Stealth        | 7 10 27 | 27.0
Unarmed Combat | 5 11 12 15 17 20 27 | 27.0
Evocations     | 9 11 12 15 17 20 27 | 27.0
Shields        | 6 10 25 | 25.4
Earth Magic    | 27 | 27.0
Axes           | 18 | 18.0
Spellcasting   | 19 | 19.2

Action                     |  1- 3 |  4- 6 |  7- 9 | 10-12 | 13-15 | 16-18 | 19-21 | 22-24 | 25-27 || total
---------------------------+-------+-------+-------+-------+-------+-------+-------+-------+-------++-------
  Melee: Unarmed           |   110 |   181 |   288 |   821 |  1040 |  1171 |  1339 |  2571 | 14196 || 21717
         Tailslap          |     9 |    20 |    74 |   162 |   199 |   207 |   299 |   715 |  3551 ||  5236
         Punch             |     2 |     4 |     7 |       |    49 |   109 |   165 |   306 |    87 ||   729
         Dagger            |       |       |   115 |     3 |       |       |       |       |       ||   118
         Bite              |       |       |       |       |   142 |   160 |   138 |     3 |       ||   443
         Maw               |       |       |       |       |       |    51 |       |       |       ||    51
         Broad axe         |       |       |       |       |       |       |       |       |   157 ||   157
   Fire: Hand cannon       |       |       |       |       |       |       |       |     3 |    10 ||    13
   Cast: Shatter           |       |       |       |       |       |       |       |       |    87 ||    87
 Invoke: Draw Summoning    |       |       |     1 |    11 |     2 |     7 |     2 |     2 |       ||    25
         Draw Destruction  |       |       |       |    10 |    15 |    16 |     7 |     7 |    11 ||    66
         Stack Five        |       |       |       |     1 |       |       |       |     1 |     1 ||     3
         Draw Stack        |       |       |       |     2 |       |     2 |       |     3 |     7 ||    14
         Draw Escape       |       |       |       |       |       |       |     3 |       |     1 ||     4
         Deal Four         |       |       |       |       |       |       |       |       |     4 ||     4
Ability: Siphon Essence    |       |       |       |       |       |       |     4 |    11 |     9 ||    24
         Blinkbolt         |       |       |       |       |       |       |       |       |     2 ||     2
  Evoke: Sack of spiders   |       |       |       |     1 |     1 |       |     2 |       |     2 ||     6
         Wand              |       |       |       |       |     3 |    15 |     9 |     4 |    46 ||    77
         Condenser vane    |       |       |       |       |       |     1 |     2 |     1 |     1 ||     5
         Phantom mirror    |       |       |       |       |       |     2 |     1 |       |     4 ||     7
         Phial of floods   |       |       |       |       |       |     1 |       |       |       ||     1
         Lightning rod     |       |       |       |       |       |       |       |     5 |       ||     5
         Horn of Geryon    |       |       |       |       |       |       |       |       |     5 ||     5
         Figurine of a zig |       |       |       |       |       |       |       |       |     1 ||     1
    Use: Potion            |       |       |     4 |     2 |     1 |     1 |     3 |     1 |    15 ||    27
         Scroll            |       |       |       |    15 |     3 |    15 |     5 |    14 |    63 ||   115
   Stab: Sleeping          |     3 |     1 |       |       |     6 |    18 |    23 |    50 |   234 ||   335
         Distracted        |       |       |       |     2 |     1 |     6 |     4 |    18 |   364 ||   395
         Petrified         |       |       |       |       |     2 |       |       |    15 |     3 ||    20
         Invisible         |       |       |       |       |       |     2 |     1 |       |       ||     3
         Petrifying        |       |       |       |       |       |       |       |       |     4 ||     4
         Confused          |       |       |       |       |       |       |       |       |     2 ||     2
 Armour: Skin              |    44 |   106 |   147 |   263 |   513 |   870 |   707 |  1016 |  2421 ||  6087
  Dodge: Dodged            |    83 |   158 |   428 |  1105 |  1089 |  1114 |   990 |  2010 |  6223 || 13200
  Block: Other             |       |       |       |       |       |   163 |   219 |   292 |    47 ||   721
         Reflection        |       |       |       |       |       |    23 |     7 |    34 |   259 ||   323
         Buckler           |       |       |       |       |       |       |       |   557 |  3064 ||  3621
         Tower shield      |       |       |       |       |       |       |       |       |  9804 ||  9804
   Form: Flux              |       |       |     1 |     1 |       |       |       |       |       ||     2
                           |       |       |       |     1 |     2 |     1 |     1 |       |     3 ||     8
         Dragon            |       |       |       |       |     4 |     2 |     2 |     1 |     2 ||    11
         Blade             |       |       |       |       |     1 |       |       |       |       ||     1
         Statue            |       |       |       |       |       |     1 |     1 |     1 |     5 ||     8
         Maw               |       |       |       |       |       |     1 |       |       |       ||     1
         Death             |       |       |       |       |       |       |     5 |     3 |    13 ||    21
         Storm             |       |       |       |       |       |       |       |     2 |     6 ||     8
